 Dungeon Crawl Stone Soup version 0.31.0-11-ge490571c62 (webtiles) character file.

Game seed: 4271107807713000844

3095650 iamserjio the Slayer (level 27, 217/276 HPs)
             Began as a Djinni Chaos Knight on Jan 27, 2024.
             Was a Favourite Plaything of Xom.
             Escaped with the Orb
             ... and 5 runes
             ... and 1 gem!
             The game lasted 03:41:33 (75327 turns).

iamserjio the Slayer (Djinni Chaos Knight)         Turns: 75327, Time: 03:41:33

Health: 217/276    AC: 33    Str: 10 (11) XL:     27
Gold:   3243       EV: 41    Int: 22      God:    Xom [......] SH: 11 Dex: 29

rFire   + . .        E - +9 double sword (venom)
rCold   + . .        N - +3 buckler of Tomorrow {Dex+6}
rNeg    + . .        H - melded +6 scale mail of Kuluw {rN+ Regen+ Stlth-}
rPois   ∞            L - +2 hat
rElec   +            G - scarf "Dasenne" {repulsion, rC+}
rCorr   .            p - melded +2 pair of gloves
SInv    +            (boots unavailable)
Will    +++..        U - amulet of regeneration
Stlth   ++           j - ring "Girycot" {Ice Dex+6 SInv}
HPRegen 1.46/turn    A - ring of the Hare {EV+10}
MPRegen 0.00/turn

%: random rage (3%), repel missiles
@: statue-form, flying, studying 2 skills, very slow
A: slow and powerful, torment resistance 1, flying, boosted hp, sickness
immunity, fire resistance 2, cold vulnerability 1, float, innate caster, HP
casting, extra vitality 1, (iridescent scales 3), berserk 1, deformed body,
dopey 1, strong-willed 1, sense surroundings 2, (shaggy fur 1)
0: Orb of Zot
}: 5/15 runes: serpentine, barnacled, slimy, silver, abyssal
a: Begin Untransformation, Renounce Religion


You escaped.
You worshipped Xom.
You were a very special plaything of Xom.
You were a living statue of rough stone.
You visited 11 branches of the dungeon, and saw 55 of its levels.
You visited the Abyss 2 times.
You also visited: Bailey, Gauntlet and Ice Cave.

You collected 8884 gold pieces.
You spent 5641 gold pieces at shops.

Inventory:

Hand Weapons
 b - the +11 Singing Sword {sonic wave}
   (You found it in a Gauntlet)
 h - a +3 dagger of distortion
 o - the +7 scimitar of Loazy {pain, +Blink rElec rN+++ Int-4}
   (You took it off a yaktaur captain on level 5 of the Vaults)

   Int-4:     It affects your intelligence (-4).
   rElec:     It insulates you from electricity.
   rN+++:     It renders you almost immune to negative energy.
   +Blink:    It lets you blink.
 E - a +9 double sword of venom (weapon)
 J - the +8 demon blade "Leech" {evervamp, Harm ^Drain rN+}
   (You took it off a deep elf death mage on level 2 of the Elven Halls)

   rN+:       It protects you from negative energy.
   ^Drain:    It drains your maximum health when unequipped.
   Harm:      It increases damage dealt and taken.
Missiles
 t - 2 throwing nets {!f}
 T - 6 curare-tipped darts (quivered)
Armour
 p - a +2 pair of gloves (melded)
 q - a +3 kite shield of protection
 G - the scarf "Dasenne" (worn) {repulsion, rC+}
   (You found it on level 4 of the Vaults)

   rC+:       It protects you from cold.
 H - the +6 scale mail of Kuluw (melded) {rN+ Regen+ Stlth-}
   (You took it off a vault guard on level 5 of the Vaults)

   rN+:       It protects you from negative energy.
   Regen+:    It increases your rate of health regeneration.
   Stlth-:    It makes you less stealthy.
 L - a +2 hat (worn)
 N - the +3 buckler of Tomorrow (worn) {Dex+6}
   (You acquired it on level 13 of the Dungeon)

   Dex+6:     It affects your dexterity (+6).
Magical Staves
 d - a staff of death
Jewellery
 f - a ring of see invisible
 g - a +6 ring of strength
 j - the ring "Girycot" (left fist) {Ice Dex+6 SInv}
   (You took it off Josephina on level 4 of the Depths)

   [ring of ice]

   Ice:       It enhances your ice magic.
   Dex+6:     It affects your dexterity (+6).
   rF-:       It makes you vulnerable to fire.
   rC+:       It protects you from cold.
   SInv:      It lets you see invisible.
 m - a ring of protection from cold
 r - the ring "Ojalued" {Will+ rCorr Str+3 Slay+2}
   (You found it in a Gauntlet)

   [ring of willpower]

   Str+3:     It affects your strength (+3).
   Slay+2:    It affects your accuracy & damage with ranged weapons and melee
   (+2).
   Will+:     It increases your willpower.
   rCorr:     It protects you from acid and corrosion.
 u - the ring of the Mage {Wiz Archmagi}
   (You took it off a deep elf death mage on level 2 of the Elven Halls)

   [ring of wizardry]

   Wiz:       It improves your spell success rate.
   Archmagi:  It increases the power of your magical spells.
 A - the ring of the Hare (right fist) {EV+10}
   (You bought it in a shop on level 2 of the Orcish Mines)

   [ring of evasion]

   EV+10:     It affects your evasion (+10).
 D - the ring "Cofau" {Fly rPois rN+ rCorr}
   (You found it on level 5 of the Pits of Slime)

   [ring of flight]

   rPois:     It protects you from poison rN+: It protects you from negative
   energy.
   Fly:       It grants you flight.
   rCorr:     It protects you from acid and corrosion.
 M - the ring of Panentheism {rPois rN+ Will+ rCorr}
   (You found it on level 5 of the Pits of Slime)

   [ring of poison resistance]

   rPois:     It protects you from poison rN+: It protects you from negative
   energy.
   Will+:     It increases your willpower.
   rCorr:     It protects you from acid and corrosion.
 Q - a ring of protection from fire
 U - an amulet of regeneration (around neck)
 X - a +6 ring of strength
Talismans
 w - a granite talisman (active)
Wands
 y - a wand of iceblast (37) {@v2}
 O - a wand of digging (5) {@v3}
 W - a wand of light (17)
 Z - a wand of paralysis (58)
Scrolls
 c - a scroll of butterflies
 k - 5 scrolls of fog
 z - 3 scrolls of immolation
 C - 6 scrolls of teleportation {@r3}
 R - 2 scrolls of fear
 S - 2 scrolls of blinking {@r4}
 Y - 5 scrolls of revelation
Potions
 a - 2 potions of heal wounds {@q2}
 e - 7 potions of curing {@q1}
 i - 3 potions of ambrosia
 l - 9 potions of enlightenment
 v - 8 potions of lignification
 B - 3 potions of brilliance
 F - 3 potions of resistance {@q5}
 I - a potion of mutation
 K - 2 potions of might {@q3}
 P - 5 potions of invisibility
 V - 2 potions of cancellation
Miscellaneous
 n - a condenser vane
 s - a lightning rod (4/4)


   Skills:
 + Level 22.4 Fighting
 - Level 21.0 Long Blades
 - Level 12.6 Armour
 - Level 18.0 Dodging
 - Level 5.0 Stealth
 - Level 8.0 Shields
 - Level 19.0 Spellcasting
 - Level 19.0 Conjurations
 - Level 19.0 Hexes
 - Level 19.0 Summonings
 - Level 19.0 Necromancy
 - Level 19.0 Translocations
 - Level 19.0 Fire Magic
 - Level 19.0 Ice Magic
 - Level 19.0 Air Magic
 - Level 19.0 Earth Magic
 - Level 19.0 Alchemy
 - Level 13.9 Evocations
 - Level 19.6 Shapeshifting


You knew the following spells:

 Your Spells              Type           Power      Damage    Failure   Level
a - Apportation           Tloc           100%       N/A       0%          1
b - Blink                 Tloc           100%       N/A       0%          2
c - Frozen Ramparts       Ice            100%       1d16      0%          3
d - Airstrike             Air            40%        2d(6-22)  0%          4
e - Animate Armour        Summ/Erth      100%       N/A       0%          4
f - Summon Forest         Summ/Tloc      40%        N/A       1%          5
g - Eringya's Noxious Bo  Alch           40%        4d6       1%          6
h - Summon Cactus Giant   Summ           40%        N/A       1%          6
i - Conjure Ball Lightni  Conj/Air       40%        3x3d13    1%          6
j - Malign Gateway        Summ/Tloc      40%        N/A       1%          7
k - Infestation           Necr           40%        N/A       9%          8
l - Death's Door          Necr           40%        N/A       78%         9
m - Chain Lightning       Conj/Air       40%        3d54      78%         9
Your spell library was empty.

Dungeon Overview and Level Annotations

Branches:
Dungeon (15/15)            Temple (0/1) D:6            Lair (5/5) D:9
 Shoals (4/4) Lair:3        Snake (4/4) Lair:2        Slime (5/5) Lair:5
    Orc (2/2) D:10            Elf (3/3) Orc:2        Vaults (5/5) D:14
  Crypt (3/3) Vaults:3       Tomb (0/3) Crypt:3      Depths (4/4) D:15
    Zot (5/5) Depths:4     Bailey (visited)           IceCv (visited)
Gauntlet (visited)

Altars:
Ashenzari
Dithmenos
Fedhas
Gozag
Makhleb
Nemelex Xobeh
Okawaru
Wu Jian
Xom
Yredelemnul
Zin
The Shining One
Jiyva

Shops:
D:9 :?   D:13 [   Orc:2 *[=*(   Elf:1 [   Elf:2 *   Elf:3 *:=:   Snake:1 [
Vaults:1 :   Vaults:2 ?   Vaults:3 [   Vaults:5 (   Depths:1 (   Depths:2 :

Portals:
Hell: Depths:1 Depths:2 Depths:3 Depths:4
Abyss: Depths:3
Pandemonium: Depths:2
Ziggurat: Depths:3

Annotations:
Elf:1 1 exclusion
Elf:2 3 runed translucent doors, exclusion: obsidian statue, Noacot's ghost, journeyman DsFi
Crypt:1 1 runed translucent door, Esecs's ghost, veteran GrEE
Depths:4 5 runed translucent doors


Innate Abilities, Weirdness & Mutations

You are a living statue of rough stone.
Your actions are slow, but your melee attacks are powerful.
You are resistant to unholy torment.
You are flying.
Your maximum health is greatly increased.
Your equipment is partially melded.
You are immune to sickness and miasma.
You are immune to poison.
Your flesh is very heat resistant. (rF++)
You are vulnerable to cold. (rC-)
You float through the air rather than walking.
You learn spells naturally, not from books.
Your magical power is your life essence.
You have superior vitality. (+4 MHP)
((You are completely covered in iridescent scales. (AC +6)))
You sometimes lose your temper in combat.
Armour fits poorly on your strangely shaped body.
You are dopey. (Int -2)
You are strong-willed. (Will+)
You passively map the area around you.
((You are covered in fur. (AC +1)))


Message History

Casting: Summon Cactus Giant (mildly dangerous; 1% risk of failure)
The toenail golem completely misses you. x2
The toenail golem hits you but does no damage.
Your cactus giant barely misses the toenail golem.
The toenail golem attacks as it pursues you!
The toenail golem closely misses you.
The toenail golem completely misses you.
The toenail golem attacks as it pursues you!
The toenail golem hits you but does no damage.
You block the toenail golem's attack.
A demonspawn blood saint and a balrug come into view.
The demonspawn blood saint is wielding a +0 dagger and wearing a +2 robe of willpower.
The balrug is wielding a +2 demon whip of venom.
A demonspawn corrupter comes into view. It is wielding a +0 dire flail.
The balrug shouts!
The demonspawn corrupter shouts!
You block the toenail golem's attack.
The toenail golem completely misses you.
Your cactus giant hits the toenail golem with a +0 giant spiked club.
The toenail golem attacks as it pursues you!
You block the toenail golem's attack. The balrug gestures at you.
Makhleb smites you!
The toenail golem hits you but does no damage.
Blink to where?
Press: ? - help, Dir - move target
As you read the scroll of blinking {@r4}, it crumbles to dust.
A blizzard demon comes into view.
The balrug gestures at you.
The fireball explodes!
The fireball engulfs you!! You resist. The balrug gestures at you.
The fireball explodes!
The fireball engulfs you!! You resist.
There is a staircase leading out of the dungeon here.
Saving game... please wait.
Options error: Missing colour in message_colour setting: 'Shift\-Dir \- straight line' Options error: Missing colour in message_colour setting: 'f \- you' Welcome back, iamserjio the Djinni Chaos Knight.
Xom says: I'm watching you, my silly child.
Unknown command.
The balrug gestures at you. Makhleb smites you!
You have escaped!

#.##.#......................#.#.#
#.##.#...#######..########..#.#.#
#.##...###....###...## #..#.#.#
#.##..##........###..#####..#)#.#
.....##....##....###........#.#.#
#....#............#######...#.#.#
.....#............## #...#...#
.....#.6..####.2...# ####...)###
.....#.2### ###82.# ##......>...
##.#.##.# ##..###..###+#'###
.#.#.C..### ###...##............
.#.##...§.####.....##............
.#.###...9...9....###..........##
.#.# #............###.#####'#.###
.#.# ##....##....##...# #.#....
.#.# ##........###.### #.#####
.#.# ###....#####.#######.#


You could see a balrug and a blizzard demon.

Vanquished Creatures
  the Royal Jelly (Slime:5)
  3 dread liches
  7 ancient liches
  4 orbs of fire (Zot:5)
  Mara (Shoals:3)
  A juggernaut (Depths:4)
  A Killer Klown (Zot:5)
  Bai Suzhen (Depths:2)
  Saint Roka (Orc:2)
  A caustic shrike (Depths:3)
  A golden dragon (Vaults:3)
  Norris (Vaults:1)
  A profane servitor (Abyss:2)
  2 bone dragons (Depths:4)
  A Tzitzimitl (Depths:1)
  A Hell Sentinel (Abyss:4)
  Mlioglotl (Snake:2)
  4 tentacled monstrosities
  3 liches
  A walking crystal tome (Depths:2)
  Zenata (Vaults:1)
  5 titans (Vaults:5)
  19 Orb Guardians
  7 sphinxes
  A walking frostbound tome (Depths:3)
  2 deep elf blademasters
  An Executioner (D:14)
  2 deep elf master archers (Elf:3)
  17 acid blobs
  3 quicksilver dragons
  A kraken (Shoals:2)
  A death cob (Zot:3)
  A walking divine tome (Depths:3)
  2 ancient champions (Crypt:1)
  5 tentacled starspawn
  2 eldritch tentacles
  Donald (Slime:4)
  7 shadow dragons
  6 tengu reavers
  6 storm dragons
  6 nagarajas
  A protean progenitor (Zot:5)
  Ilsuiw (Shoals:4)
  13 rockslimes
  4 revenants
  2 draconian monks
  Aizul (Lair:3)
  7 azure jellies
  8 frost giants
  6 fire giants
  3 draconian shifters
  3 deep elf sorcerers
  2 deep elf elementalists
  A demonspawn warmonger (Zot:5)
  An angel (Depths:3)
  19 vault wardens
  A ghost moth (Abyss:3)
  An iron dragon (Vaults:5)
  A curse skull (Crypt:3)
  The ghost of melvinkitnick the Warrior, a journeyman TeIE of Jiyva (D:15)
  3 draconian stormcallers
  4 formless jellyfish
  2 orc warlords
  12 quicksilver oozes
  A demonspawn corrupter (Zot:5)
  A spriggan defender (Depths:3)
  A draconian annihilator (Depths:4)
  14 ironbound preservers
  19 stone giants
  4 ironbound thunderhulks
  A reaper (Abyss:3)
  2 ghouls (Crypt:1)
  27 very ugly things
  A juggernaut skeleton (Crypt:2)
  2 deep elf demonologists
  5 vampire knights
  6 green draconians
  A minotaur (Lair:5)
  3 purple draconians
  10 deep elf death magi
  5 black draconians
  5 red draconians
  8 yellow draconians
  A war gargoyle (Vaults:5)
  16 spark wasps
  8 dire elephants
  Azrael (Orc:2)
  8 white draconians
  5 deep elf annihilators
  9 merfolk javelineers
  10 ettins
  9 eidola
  3 spectral quicksilver dragons (Crypt:3)
  5 fire dragons
  Snorg (D:14)
  2 blizzard demons
  2 deep elf high priests (Vaults:5)
  12 yaktaur captains
  9 merfolk impalers
  A spectral golden dragon (Crypt:3)
  An elf zombie (Crypt:1)
  11 jiangshi
  8 great orbs of eyes
  2 spectral spriggans (Crypt:3)
  27 vault guards
  A quicksilver dragon zombie (Crypt:1)
  A kraken zombie (Crypt:2)
  A fenstrider witch zombie (Crypt:1)
  2 spriggan zombies
  3 entropy weavers (Vaults:1)
  8 ice dragons
  An elf skeleton (Crypt:1)
  A salamander tyrant (Snake:4)
  4 ogre magi (Vaults:5)
  3 rakshasas (Abyss:3)
  A peacekeeper (Vaults:3)
  A spriggan skeleton (Crypt:1)
  2 merfolk avatars
  6 hydras
  A spectral stone giant (Crypt:3)
  7 ironbound frosthearts
  A catoblepas (Lair:5)
  13 anacondas
  13 centaur warriors
  7 merfolk aquamancers
  4 death knights
  18 dancing weapons
  4 spriggan air magi
  6 death yaks (Lair:5)
  4 boulder beetles
  6 deep troll earth magi
  A satyr (Shoals:2)
  2 hell hogs
  4 vampire magi
  12 two-headed ogres
  2 alligator snapping turtles (Shoals:4)
  2 titan zombies (Crypt:2)
  10 naga warriors
  3 tengu warriors
  6 shock serpents
  Urug (Orc:2)
  A deep troll shaman (Depths:3)
  14 hell knights
  4 sun demons
  An orc high priest (Orc:2)
  6 spriggan berserkers
  2 occultists
  4 soul eaters
  6 thrashing horrors
  14 naga sharpshooters
  13 deep elf knights
  2 wretched stars (Abyss:3)
  13 skeletal warriors
  2 spectral storm dragons (Crypt:3)
  Sonja (Orc:1)
  3 salamander mystics
  5 shadow wraiths
  A skyshark (shapeshifter) (D:15)
  A ghost moth zombie (Crypt:3)
  2 sixfirhies
  8 skysharks
  3 iron trolls
  A spectral anaconda (Crypt:3)
  A sea snake (shapeshifter) (Depths:4)
  A goliath frog (shapeshifter) (Vaults:5)
  11 sea snakes
  8 flayed ghosts
  43 deep trolls
  2 deep trolls (shapeshifter) (Vaults:5)
  11 naga ritualists
  2 storm dragon skeletons
  16 deep elf archers
  3 glowing orange brains
  A bunyip zombie (Crypt:2)
  A glowing orange brain (shapeshifter) (Depths:4)
  24 harpies
  2 spriggan simulacra (Crypt:1)
  18 deep elf pyromancers
  A jorogumo zombie (Crypt:2)
  A shadow demon (Zot:5)
  8 mana vipers
  11 lindwurms
  12 deep elf zephyrmancers
  An obsidian statue (Vaults:1)
  A wolf spider zombie (Crypt:3)
  6 arcanists
  A lindwurm (shapeshifter) (Vaults:2)
  9 starcursed masses (Abyss:3)
  Pikel (D:8)
  10 orc knights
  18 phantasmal warriors
  3 oklob plants (Lair:5)
  10 ironbound convokers
  8 necromancers
  49 ugly things
  A wolf spider (D:15)
  19 manticores
  3 spectral ettins (Crypt:3)
  14 fauns
  A shining eye (shapeshifter) (Vaults:5)
  A shadow dragon skeleton (Crypt:1)
  A fire giant zombie (Crypt:1)
  10 salamanders
  A glowing shapeshifter (Vaults:5)
  4 cyclopes
  5 large abominations
  2 worldbinders (Abyss:4)
  6 orc sorcerers (Orc:2)
  A shining eye (Slime:5)
  Maurice (D:9)
  6 guardian serpents
  A black mamba (shapeshifter) (D:13)
  4 meliai (Depths:3)
  5 moths of wrath
  4 elephants (Lair:5)
  An eleionoma skeleton (Crypt:1)
  An eye of devastation (Gauntlet)
  9 merfolk sirens
  A meliai (shapeshifter) (D:14)
  A rust devil (D:14)
  A centaur zombie (Crypt:1)
  A torpor snail (Lair:5)
  5 smoke demons
  7 water nymphs
  35 black mambas
  12 cane toads
  18 naga magi
  A centaur skeleton (Crypt:1)
  2 gargoyles
  A water nymph (shapeshifter) (Vaults:5)
  A torpor snail (shapeshifter) (Vaults:5)
  An apocalypse crab (Abyss:3)
  14 vault sentinels
  A shock serpent skeleton (Crypt:3)
  A nameless horror (Depths:4)
  4 orange demons
  An alligator snapping turtle skeleton (Crypt:1)
  5 rime drakes
  5 komodo dragons
  A kobold demonologist (D:12)
  3 ice devils
  37 yaktaurs
  21 freezing wraiths
  2 red devils
  A tormentor (Abyss:3)
  A grey draconian skeleton (Crypt:2)
  A minotaur zombie (Crypt:2)
  4 tengu conjurers
  2 efreet
  A hydra zombie (Crypt:2)
  3 harpy zombies
  26 merfolk
  2 spectral nagas (Crypt:3)
  A spectral harpy (Crypt:3)
  2 hellwings (D:14)
  10 polar bears
  4 ancient zymes
  A white draconian skeleton (Crypt:2)
  A tyrant leech (Zot:5)
  4 trolls
  10 wind drakes
  A hornet (Depths:4)
  A dream sheep (Lair:5)
  15 blink frogs
  A tarantella (Lair:5)
  18 raiju
  12 snapping turtles
  An ettin zombie (Crypt:1)
  2 centaur simulacra
  2 glass eyes
  A jumping spider (Vaults:1)
  A black mamba zombie (Crypt:1)
  53 slime creatures
  A spectral black mamba (Crypt:3)
  6 spriggans
  A spriggan (shapeshifter) (Vaults:5)
  4 ynoxinuls
  3 air elementals
  13 small abominations
  A dire elephant simulacrum (Crypt:3)
  21 water elementals
  A hog (Elf:1)
  A naga simulacrum (Crypt:3)
  12 wraiths
  A shadow (D:12)
  26 yaks
  10 wargs
  An unseen horror simulacrum (D:9)
  5 wyverns
  4 fire elementals (Orc:2)
  2 basilisks
  A redback (shapeshifter) (D:8)
  3 redbacks (Vaults:1)
  2 neqoxecs (Abyss:3)
  2 golden eyes
  Grum (D:8)
  3 vampire mosquitoes (D:10)
  A naga zombie (Abyss:3)
  A chaos spawn (Abyss:3)
  An acid dragon (D:14)
  A harpy simulacrum (Crypt:3)
  31 nagas
  2 swamp worms
  A glowing shapeshifter skeleton (Crypt:3)
  15 hell hounds
  14 water moccasins
  37 orc warriors
  3 ice beasts
  3 sky beasts
  14 black bears
  An elephant zombie (Crypt:1)
  8 laughing skulls
  12 ogres
  An ettin simulacrum (Crypt:1)
  4 centaurs
  29 wolves
  A hog zombie (Crypt:2)
  A lemure (D:9)
  2 phantoms
  3 kobold brigands (D:12)
  A yaktaur zombie (Crypt:2)
  4 gnoll sergeants
  2 earth elementals
  3 necrophages (Crypt:1)
  A wyvern zombie (Crypt:1)
  12 bullfrogs
  3 scorpions
  A yak zombie (Crypt:1)
  A polar bear zombie (Crypt:1)
  6 killer bees (D:8)
  5 howler monkeys
  A raiju skeleton (Crypt:3)
  4 electric eels
  8 crimson imps
  A jelly (shapeshifter) (D:5)
  A jelly (D:6)
  5 hounds
  24 orc priests
  2 gnoll boudas (D:7)
  A quasit (Abyss:3)
  2 sleepcaps
  A basilisk zombie (Crypt:3)
  Crazy Yiuf (D:4)
  5 iguanas
  20 orc wizards
  A sky beast zombie (Crypt:3)
  A tengu skeleton (Crypt:1)
  A howler monkey zombie (Crypt:3)
  10 adders
  31 gnolls
  2 shadow imps (D:3)
  2 white imps
  4 ufetubi
  5 dart slugs
  5 ribbon worms
  82 orcs
  7 ball pythons
  6 bats
  5 endoplasms
  5 giant cockroaches
  12 goblins
  8 hobgoblins
  11 jackals
  6 quokkas
  6 frilled lizards
  11 kobolds
  6 rats
  2 snaplasher vines
  4 starspawn tentacles (Abyss:3)
  A tentacle (Shoals:2)
2185 creatures vanquished.

Vanquished Creatures (collateral kills)
  2 ancient liches (Zot:5)
  An orb of fire (Zot:3)
  5 juggernauts
  Josephina (Depths:4)
  Boris (4 times) (Elf:3 Depths:1 Vaults:5 Crypt:3)
  A Killer Klown (Zot:5)
  A caustic shrike (Depths:3)
  A golden dragon (Vaults:5)
  2 Brimstone Fiends
  3 electric golems (Zot:5)
  3 tentacled monstrosities
  A lich (Depths:2)
  8 Orb Guardians (Zot:5)
  A deep elf blademaster (Elf:3)
  A quicksilver dragon (Depths:3)
  A walking earthen tome (Depths:3)
  An Executioner (Abyss:3)
  9 acid blobs
  A tengu reaver (Depths:4)
  A shadow dragon (Depths:4)
  2 fire giants
  A protean progenitor (Zot:5)
  2 storm dragons
  4 rockslimes
  2 frost giants
  An iron dragon (Depths:3)
  3 azure jellies (Slime:5)
  7 deep elf sorcerers
  A ghost moth (Crypt:3)
  4 deep elf elementalists (Elf:3)
  A vault warden (Vaults:5)
  A draconian scorcher (Zot:5)
  A balrug (Depths:1)
  A cacodemon (D:2)
  A draconian stormcaller (Zot:4)
  A very ugly thing (Depths:2)
  3 quicksilver oozes (Slime:5)
  An angel (D:14)
  An ironbound preserver (Vaults:1)
  A vampire knight (Depths:2)
  3 stone giants
  A formless jellyfish (Slime:5)
  A deep elf demonologist (Elf:3)
  A green draconian (Zot:5)
  A red draconian (Zot:4)
  3 deep elf death magi
  A deep elf annihilator (Elf:1)
  A lorocyproca (Zot:5)
  2 white draconians
  A purple draconian (Zot:4)
  A dire elephant (Lair:5)
  A crystal guardian (Vaults:3)
  A blizzard demon (D:3)
  A jiangshi (Depths:4)
  5 deep elf high priests
  2 ettins
  Erolcha (D:9)
  A juggernaut simulacrum (Depths:4)
  3 ice dragons
  A spriggan air mage (Depths:2)
  A fenstrider witch zombie (Crypt:1)
  3 boulder beetles
  A death knight (D:14)
  4 dancing weapons
  A merfolk aquamancer (Shoals:4)
  A deep troll shaman (Depths:2)
  2 death yaks (Lair:5)
  A deep troll earth mage (Depths:2)
  An orc high priest (Orc:2)
  8 hell knights
  A thrashing horror (Abyss:3)
  3 sun demons (Depths:1)
  A sixfirhy (D:2)
  A wretched star (Abyss:3)
  4 deep elf knights
  A shadow wraith (Crypt:3)
  A skyshark (Vaults:1)
  2 glowing orange brains
  A mana viper (Snake:3)
  3 deep trolls
  A spectral hydra (Crypt:3)
  A flayed ghost (Depths:2)
  2 lindwurms
  A deep elf archer (Elf:1)
  A phantasmal warrior (D:14)
  An ironbound convoker (Vaults:1)
  2 necromancers
  2 deep elf pyromancers (Elf:2)
  4 deep elf zephyrmancers
  A large abomination (Abyss:3)
  4 shining eyes
  4 ugly things
  3 elephants
  A moth of wrath (Zot:3)
  A salamander (Snake:4)
  A vault sentinel (Vaults:1)
  A smoke demon (Abyss:3)
  An eye of devastation (Slime:4)
  3 orange demons
  A dire elephant skeleton (Crypt:1)
  A cane toad (Lair:5)
  2 freezing wraiths (Crypt:3)
  A tormentor (Abyss:4)
  A golden dragon simulacrum (Depths:4)
  A troll (D:11)
  A red devil (D:12)
  An ancient zyme (Abyss:3)
  A shadow dragon simulacrum (Depths:4)
  A raiju (Abyss:3)
  A dream sheep (Lair:5)
  38 slime creatures
  A fire dragon skeleton (Crypt:1)
  A shadow (Crypt:3)
  A water elemental (Depths:3)
  2 fire elementals
  A golden eye (Gauntlet)
  A nameless horror (Vaults:3)
  A neqoxec (Gauntlet)
  A naga (Snake:3)
  2 small abominations (Abyss:3)
  A water moccasin (Lair:5)
  An entropy weaver zombie (Crypt:2)
  A hell hound (Lair:5)
  A black mamba simulacrum (Crypt:1)
  A wolf (Lair:5)
  A weeping skull (Abyss:3)
  A crimson imp (Gauntlet)
  A hound (D:6)
  5 starcursed masses (Abyss:3)
  An orc wizard (D:6)
  5 orcs
  3 ball lightnings
  3 tentacles (Shoals:2)
281 creatures vanquished.

Vanquished Creatures (others)
  60 eldritch tentacles
  An anaconda (Snake:4)
  A juggernaut simulacrum (Depths:4)
  2 dancing weapons
  A vampire mage (Crypt:3)
  A deep elf knight (Vaults:5)
  A deep elf archer (Elf:2)
  A deep elf pyromancer (Elf:2)
  A harpy (Shoals:3)
  An ugly thing (D:14)
  A tengu conjurer (D:15)
  A merfolk (Shoals:2)
  A tyrant leech (Zot:5)
  2 orc warriors (Orc:2)
  A laughing skull (Abyss:3)
  A human (D:3)
  A small abomination (Abyss:3)
  A weeping skull (Abyss:3)
  2 orc wizards (Orc:2)
  2 orcs
  46 ball lightnings
  A lurking horror (Abyss:3)
  28 snaplasher vines
  7 starspawn tentacles (Abyss:3)
  8 tentacles
173 creatures vanquished.

Grand Total: 2639 creatures vanquished

Notes
Turn   | Place    | Note
-------+----------+-------------------------------------------
     0 | D:1      | iamserjio the Djinni Chaos Knight began the quest for the
                  | Orb.
     0 | D:1      | Reached XP level 1. HP: 20/20 MP: 0/0
    15 | D:1      | XOM: silly message
   121 | D:1      | Reached XP level 2. HP: 25/25 MP: 0/0
   227 | D:1      | XOM: potion effect (brilliance)
   248 | D:1      | XOM: divination: detect creatures
   265 | D:1      | Reached XP level 3. HP: 27/30 MP: 0/0
   265 | D:1      | Learned a level 1 spell: Apportation
   339 | D:1      | XOM: 2-stop teleportation journey
   392 | D:1      | XOM: 5-stop teleportation journey
   517 | D:1      | XOM: confuse monster(s)
   527 | D:1      | XOM: fog
   745 | D:1      | XOM: scenery: create altars
   996 | D:2      | XOM: cleaving
  1051 | D:2      | Reached XP level 4. HP: 35/35 MP: 0/0
  1173 | D:2      | XOM: scenery: summon butterflies
  1175 | D:2      | XOM: enchant monster (good)
  1266 | D:1      | XOM: god gift: wand of paralysis (4)
  1408 | D:1      | Reached XP level 5. HP: 35/40 MP: 0/0
  1408 | D:1      | Learned a level 2 spell: Blink
  1429 | D:2      | XOM: scenery: summon butterflies
  1625 | D:2      | XOM: cloud trail
  1749 | D:2      | XOM: god gift: silver ring {god gift}
  1833 | D:2      | Reached skill level 1 in Spellcasting
  1833 | D:2      | Reached skill level 1 in Conjurations
  1833 | D:2      | Reached skill level 1 in Hexes
  1833 | D:2      | Reached skill level 1 in Summonings
  1833 | D:2      | Reached skill level 1 in Necromancy
  1833 | D:2      | Reached skill level 1 in Translocations
  1833 | D:2      | Reached skill level 1 in Fire Magic
  1833 | D:2      | Reached skill level 1 in Ice Magic
  1833 | D:2      | Reached skill level 1 in Air Magic
  1833 | D:2      | Reached skill level 1 in Earth Magic
  1833 | D:2      | Reached skill level 1 in Alchemy
  1887 | D:3      | Found a faded altar of an unknown god.
  2109 | D:3      | Reached skill level 1 in Evocations
  2133 | D:3      | XOM: silly message
  2160 | D:3      | Found a blossoming altar of Fedhas.
  2281 | D:3      | Found a transporter.
  2282 | D:3      | Found a glowing silver altar of Zin.
  2437 | D:3      | XOM: cleaving
  2448 | D:3      | Reached XP level 6. HP: 45/47 MP: 0/0
  2459 | D:3      | Found a transporter.
  2513 | D:3      | Reached skill level 5 in Long Blades
  2544 | D:3      | Noticed a human
  2546 | D:3      | Killed a human
  2586 | D:3      | XOM: god gift: 12 gold pieces
  2612 | D:3      | XOM: give mutations
  2612 | D:3      | Gained mutation: You are strong-willed. (Will+) [Xom's
                  | grace]
  2612 | D:3      | Gained mutation: You are partially covered in iridescent
                  | scales. (AC +2) [Xom's grace]
  2612 | D:3      | Gained mutation: Your muscles are strong. (Str +4, Int/Dex
                  | -1) [Xom's grace]
  2869 | D:4      | Reached skill level 4 in Fighting
  2899 | D:4      | Identified the orb of the Orcish Mines {guile, Int+4}
  3049 | D:4      | Found a runed translucent door.
  3050 | D:4      | Noticed Crazy Yiuf
  3240 | D:4      | Found a glowing golden altar of the Shining One.
  3329 | D:4      | XOM: 1-stop teleportation journey
  3347 | D:4      | Noticed a black bear
  3359 | D:4      | XOM: scenery: summon butterflies
  3387 | D:4      | XOM: fake destruction
  3457 | D:4      | XOM: noise
  3470 | D:4      | Killed a black bear
  3503 | D:4      | Reached XP level 7. HP: 50/52 MP: 0/0
  3503 | D:4      | Learned a level 3 spell: Frozen Ramparts
  3717 | D:4      | XOM: summons 2 hostile demons
  4062 | D:4      | Found a glowing golden altar of the Shining One.
  4338 | D:4      | XOM: give mutations
  4338 | D:4      | Gained mutation: Your spells are a little easier to cast,
                  | but a little less powerful. [Xom's mischief]
  4338 | D:4      | Gained mutation: Armour fits poorly on your strangely
                  | shaped body. [Xom's mischief]
  4369 | D:4      | XOM: scenery: 1 fountains blood, 1 doors close
  4393 | D:5      | Entered Level 5 of the Dungeon
  4532 | D:5      | XOM: enchant monster (good)
  4576 | D:5      | XOM: noise
  4582 | D:5      | Reached XP level 8. HP: 33/58 MP: 0/0
  4705 | D:5      | XOM: draining
  4753 | D:5      | Identified the +6 war axe of the World {flame, rPois rF+
                  | rCorr Str-4}
  4882 | D:5      | XOM: cleaving
  4960 | D:5      | a gnoll changed into a glowing shapeshifter
  4960 | D:5      | Noticed a glowing shapeshifter (glowing shapeshifter)
  4960 | D:5      | XOM: polymorph gnoll -> glowing shapeshifter
  4960 | D:5      | a glowing shapeshifter changed into an adder
  4991 | D:4      | XOM: give mutations
  4991 | D:4      | Gained mutation: You are mostly covered in iridescent
                  | scales. (AC +4) [Xom's grace]
  4991 | D:4      | Gained mutation: You have supernaturally acute eyesight.
                  | (SInv) [Xom's grace]
  4991 | D:4      | Gained mutation: You have a pair of small antennae on your
                  | head. [Xom's grace]
  4991 | D:4      | Gained mutation: You are completely covered in iridescent
                  | scales. (AC +6) [Xom's grace]
  5495 | D:5      | XOM: 1-stop teleportation journey
  5499 | D:5      | XOM: chaos upgrade
  5944 | D:6      | Reached skill level 5 in Spellcasting
  5944 | D:6      | Reached skill level 5 in Conjurations
  5944 | D:6      | Reached skill level 5 in Hexes
  5944 | D:6      | Reached skill level 5 in Summonings
  5944 | D:6      | Reached skill level 5 in Necromancy
  5944 | D:6      | Reached skill level 5 in Translocations
  5944 | D:6      | Reached skill level 5 in Fire Magic
  5944 | D:6      | Reached skill level 5 in Ice Magic
  5944 | D:6      | Reached skill level 5 in Air Magic
  5944 | D:6      | Reached skill level 5 in Earth Magic
  5944 | D:6      | Reached skill level 5 in Alchemy
  6021 | D:6      | Found a staircase to the Ecumenical Temple.
  6022 | D:6      | XOM: silly message
  6211 | D:6      | XOM: god gift: +2 hat
  6235 | D:6      | XOM: give mutations
  6235 | D:6      | Gained mutation: You are robust. (+10% HP) [Xom's grace]
  6235 | D:6      | Gained mutation: You are highly strong-willed. (Will++)
                  | [Xom's grace]
  6235 | D:6      | Gained mutation: You have a somewhat thin skeletal
                  | structure. (Dex +2, Stealth+) [Xom's grace]
  6235 | D:6      | Gained mutation: You have a moderately thin skeletal
                  | structure. (Dex +4, Stealth++) [Xom's grace]
  6357 | D:6      | XOM: scenery: summon butterflies
  6577 | D:6      | XOM: scenery: summon butterflies
  6687 | D:6      | XOM: 2-stop teleportation journey
  6732 | D:6      | XOM: 3-stop teleportation journey
  6916 | D:6      | XOM: cloud trail
  6931 | D:6      | XOM: summons friendly shadow imp
  6950 | D:6      | XOM: fog
  6962 | D:6      | XOM: summons 5 friendly demons
  6966 | D:6      | Reached XP level 9. HP: 68/68 MP: 0/0
  6966 | D:6      | Learned a level 4 spell: Airstrike
  6969 | D:6      | XOM: stat loss: -1 Int (16/17)
  6980 | D:6      | XOM: 5-stop teleportation journey
  7459 | D:7      | XOM: divine lightning
  7482 | D:7      | XOM: polymorph hound -> giant cockroach
  7547 | D:7      | Reached skill level 5 in Fighting
  7811 | D:7      | XOM: give mutations
  7811 | D:7      | Lost mutation: You are completely covered in iridescent
                  | scales. (AC +6) [Xom's mischief]
  7811 | D:7      | Lost mutation: You are robust. (+10% HP) [Xom's mischief]
  7855 | D:7      | XOM: enchant monster (good)
  8193 | D:7      | XOM: give mutation
  8193 | D:7      | Gained mutation: Your muscles are very strong. (Str +8,
                  | Int/Dex -2) [Xom's grace]
  8761 | D:8      | Reached XP level 10. HP: 55/72 MP: 0/0
  8907 | D:8      | XOM: divination: detect items
  8947 | D:8      | Reached skill level 6 in Fighting
  8956 | D:8      | Noticed a two-headed ogre
  9055 | D:8      | XOM: 5-stop teleportation journey
  9092 | D:8      | XOM: divination: detect creatures
  9116 | D:8      | Noticed Grum
  9124 | D:8      | Killed Grum
  9137 | D:8      | XOM: summons friendly shadow imp
  9172 | D:8      | a two-headed ogre changed into a polar bear
  9172 | D:8      | XOM: polymorph two-headed ogre -> polar bear
  9175 | D:8      | XOM: noise
  9186 | D:8      | XOM: enchant monster (good)
  9329 | D:8      | Found a burning altar of Makhleb.
  9430 | D:8      | XOM: fog
  9614 | D:8      | Noticed a catoblepas
  9673 | D:9      | Noticed Erolcha
  9802 | D:9      | Noticed a two-headed ogre
  9802 | D:9      | XOM: cleaving
  9810 | D:9      | XOM: scenery: 1 doors close
  9826 | D:8      | XOM: divination: magic mapping
  9862 | D:6      | XOM: silly message
  9970 | D:3      | Reached skill level 5 in Dodging
 10192 | D:4      | Killed Crazy Yiuf
 10300 | D:7      | XOM: silly message
 10345 | D:8      | Found an ornate altar of the Wu Jian Council.
 10360 | D:8      | Noticed a red ugly thing
 10383 | D:8      | Reached skill level 7 in Fighting
 10532 | D:9      | Noticed Pikel
 10544 | D:8      | Killed Pikel
 10700 | D:9      | Found Quho's Vocational Training.
 10706 | D:9      | Noticed Maurice
 10725 | D:9      | XOM is BORED!
 10725 | D:9      | XOM: 3-stop teleportation journey
 10741 | D:9      | XOM: summons 4 friendly demons
 10744 | D:9      | Killed Erolcha
 10745 | D:9      | Reached XP level 11. HP: 73/79 MP: 0/0
 10745 | D:9      | Learned a level 4 spell: Animate Armour
 10792 | D:9      | Found Viqef's Magic Scroll Boutique.
 10795 | D:9      | Bought a scroll of enchant weapon for 105 gold pieces
 10795 | D:9      | Bought a scroll of teleportation for 42 gold pieces
 10795 | D:9      | Bought 2 scrolls of teleportation for 84 gold pieces
 10795 | D:9      | Bought a scroll of poison for 56 gold pieces
 10795 | D:9      | Bought a scroll of identify for 28 gold pieces
 10888 | D:9      | Found a staircase to the Lair.
 11122 | D:9      | XOM: scenery: create altars
 11335 | D:9      | Found a sparkling altar of Nemelex Xobeh.
 11432 | D:9      | XOM: cloud trail
 11648 | D:9      | Noticed a manticore
 11734 | D:9      | Reached skill level 1 in Shields
 11860 | D:9      | XOM: cloud trail
 11861 | D:9      | XOM is BORED!
 11861 | D:9      | XOM: stat loss: -3 Dex (18/21)
 11942 | D:10     | Entered Level 10 of the Dungeon
 11994 | D:10     | Found an iron altar of Okawaru.
 12018 | D:10     | Found a staircase to the Orcish Mines.
 12028 | D:10     | Found a flagged portal.
 12061 | D:10     | XOM: 2-stop teleportation journey
 12073 | D:10     | XOM: cloud trail
 12149 | Bailey   | Entered a bailey
 12386 | Bailey   | Identified the +0 swamp dragon scales of Dust Devil {rPois
                  | Will+ Regen+}
 12402 | Bailey   | XOM: god gift: 18 gold pieces
 12415 | Bailey   | XOM: 1-stop teleportation journey
 12562 | Bailey   | Identified the +4 quarterstaff of the Sea {flame, Str+2}
 12564 | Bailey   | Noticed a two-headed ogre
 12576 | Bailey   | Killed a two-headed ogre
 12655 | Bailey   | XOM: polymorph acid dragon -> dart slug
 12726 | D:10     | Identified the +5 glaive of Arevuah {holy, rPois rF+ Str+3
                  | Dex-4}
 12901 | D:10     | XOM: cloud trail
 13016 | D:10     | XOM: silly message
 13040 | D:10     | XOM: noise
 13221 | D:10     | XOM: confuse monster(s)
 13229 | D:10     | Reached skill level 5 in Shields
 13355 | D:10     | XOM: give mutations
 13355 | D:10     | Lost mutation: You have a moderately thin skeletal
                  | structure. (Dex +4, Stealth++) [Xom's mischief]
 13355 | D:10     | Lost mutation: You have a somewhat thin skeletal structure.
                  | (Dex +2, Stealth+) [Xom's mischief]
 13355 | D:10     | Gained mutation: Your body sometimes deteriorates upon
                  | taking damage. [Xom's mischief]
 13355 | D:10     | Lost mutation: You are highly strong-willed. (Will++)
                  | [Xom's mischief]
 13371 | D:11     | Noticed a manticore
 13377 | D:11     | Killed a manticore
 13385 | D:11     | XOM: silly message
 13409 | D:11     | Noticed a two-headed ogre
 13415 | D:11     | Killed a two-headed ogre
 13566 | D:11     | Noticed a cyclops
 13586 | D:11     | XOM: cast spell 'Discord'
 13617 | D:11     | Killed a cyclops
 13618 | D:11     | Reached XP level 12. HP: 79/85 MP: 0/0
 13618 | D:11     | Noticed a boulder beetle
 13642 | D:11     | Killed a boulder beetle
 14031 | D:11     | XOM: silly message
 14320 | D:9      | XOM: divination: detect creatures
 14336 | D:9      | XOM: noise
 14372 | Lair:1   | Entered Level 1 of the Lair of Beasts
 14954 | Lair:1   | XOM: silly message
 15051 | Lair:2   | Noticed a boulder beetle
 15074 | Lair:2   | Noticed a five-headed hydra
 15080 | Lair:2   | a five-headed hydra changed into a swamp worm
 15080 | Lair:2   | XOM: polymorph five-headed hydra -> swamp worm
 15109 | Lair:2   | Reached skill level 8 in Fighting
 15223 | Lair:2   | XOM: 1-stop teleportation journey
 15353 | Lair:2   | XOM: noise
 15362 | Lair:2   | Killed a boulder beetle
 15456 | Lair:2   | Found a staircase to the Snake Pit.
 15478 | Lair:2   | XOM: 2-stop teleportation journey
 15517 | Lair:2   | Reached skill level 9 in Fighting
 15648 | Lair:2   | XOM: silly message
 16119 | Lair:3   | Found a staircase to the Shoals.
 16168 | Lair:3   | Noticed an eight-headed hydra
 16177 | Lair:3   | Killed an eight-headed hydra
 16191 | Lair:3   | Noticed a skyshark
 16195 | Lair:3   | Killed a skyshark
 16196 | Lair:3   | Reached skill level 10 in Spellcasting
 16196 | Lair:3   | Reached skill level 10 in Conjurations
 16196 | Lair:3   | Reached skill level 10 in Hexes
 16196 | Lair:3   | Reached skill level 10 in Summonings
 16196 | Lair:3   | Reached skill level 10 in Necromancy
 16196 | Lair:3   | Reached skill level 10 in Translocations
 16196 | Lair:3   | Reached skill level 10 in Fire Magic
 16196 | Lair:3   | Reached skill level 10 in Ice Magic
 16196 | Lair:3   | Reached skill level 10 in Air Magic
 16196 | Lair:3   | Reached skill level 10 in Earth Magic
 16196 | Lair:3   | Reached skill level 10 in Alchemy
 16768 | Lair:3   | Reached XP level 13. HP: 88/94 MP: 0/0
 16768 | Lair:3   | Learned a level 5 spell: Summon Forest
 17131 | Lair:3   | Reached skill level 10 in Fighting
 17143 | Lair:4   | XOM: blink monster(s)
 17164 | Lair:4   | XOM: polymorph yak -> swamp worm
 17166 | Lair:4   | XOM: 2-stop teleportation journey
 17554 | Lair:4   | Noticed a five-headed hydra
 17562 | Lair:4   | Killed a five-headed hydra
 17889 | Lair:4   | Reached skill level 11 in Fighting
 18016 | Lair:5   | Entered Level 5 of the Lair of Beasts
 18016 | Lair:5   | Found a gate leading to a gauntlet.
 18085 | Lair:5   | Noticed a four-headed hydra
 18109 | Lair:5   | Killed a four-headed hydra
 18158 | Lair:5   | Found a staircase to the Slime Pits.
 18160 | Gauntlet | Entered a Gauntlet
 18160 | Gauntlet | Found a transporter.
 18208 | Gauntlet | Found a transporter.
 18219 | Gauntlet | Found a transporter.
 18222 | Gauntlet | Found a transporter.
 18224 | Gauntlet | Noticed a great orb of eyes
 18230 | Gauntlet | Found a transporter.
 18245 | Gauntlet | Found the +11 Singing Sword {sonic wave}
 18246 | Gauntlet | Found a transporter.
 18253 | Gauntlet | XOM: silly message
 18256 | Gauntlet | Found a transporter.
 18268 | Gauntlet | Found a transporter.
 18269 | Gauntlet | Found a runed translucent door.
 18269 | Gauntlet | Found a runed translucent door.
 18282 | Gauntlet | Found a transporter.
 18296 | Gauntlet | Found a transporter.
 18298 | Gauntlet | Found a transporter.
 18336 | Gauntlet | Found a transporter.
 18350 | Gauntlet | Found a transporter.
 18363 | Gauntlet | Found a transporter.
 18587 | Gauntlet | XOM: give mutations
 18587 | Gauntlet | Gained mutation: You passively map a small area around you.
                  | [Xom's grace]
 18587 | Gauntlet | Gained mutation: You are robust. (+10% HP) [Xom's grace]
 18587 | Gauntlet | Gained mutation: Your mind is acute. (Int +4, Str/Dex -1)
                  | [Xom's grace]
 18587 | Gauntlet | Gained mutation: You are somewhat resistant to further
                  | mutation. [Xom's grace]
 18661 | Gauntlet | Identified the ring "Ojalued" {Will+ rCorr Str+3 Slay+2}
 18667 | Gauntlet | XOM: cloud trail
 18752 | Gauntlet | Identified the +1 hat "Kodufe" {Fly}
 18784 | Gauntlet | Noticed a minotaur
 19030 | Lair:5   | Killed a minotaur
 19373 | Lair:5   | Found a glowing golden altar of the Shining One.
 19414 | Lair:5   | Noticed a catoblepas
 19419 | Lair:5   | XOM: fog
 19460 | Lair:5   | Reached skill level 12 in Fighting
 19460 | Lair:5   | Reached XP level 14. HP: 101/117 MP: 0/0
 19470 | Lair:5   | Reached skill level 10 in Long Blades
 19484 | Lair:5   | Reached skill level 10 in Dodging
 19505 | Lair:5   | XOM: polymorph blink frog -> tarantella
 19683 | Lair:5   | XOM: destruction
 19711 | Lair:5   | XOM: enchant monster (bad)
 19719 | Lair:5   | XOM: swap monsters
 19917 | Lair:5   | XOM: give mutations
 19917 | Lair:5   | Lost mutation: You are strong-willed. (Will+) [Xom's
                  | mischief]
 19917 | Lair:5   | Lost mutation: You have supernaturally acute eyesight.
                  | (SInv) [Xom's mischief]
 19921 | Lair:5   | XOM: chaos cloud
 20071 | Lair:5   | Found a sparkling altar of Nemelex Xobeh.
 20166 | Lair:5   | Noticed a dire elephant
 20177 | Lair:5   | Killed a dire elephant
 20200 | Lair:5   | XOM: silly message
 20208 | Lair:5   | XOM: enchant monster (bad)
 20267 | Lair:5   | Noticed a dire elephant
 20283 | Lair:5   | XOM: potion effect (berserk rage)
 20287 | Lair:5   | XOM: cast spell 'Summon Cactus Giant'
 20289 | Lair:5   | XOM: polymorph cane toad -> iguana
 20293 | Lair:5   | Killed a dire elephant
 20297 | Lair:5   | Reached skill level 13 in Fighting
 20311 | Lair:5   | XOM: 1-stop teleportation journey
 20335 | Lair:5   | XOM: confusion
 20337 | Lair:5   | XOM: smoke on damage
 20458 | Lair:5   | XOM: noise
 20464 | Lair:5   | XOM: chaos cloud
 20592 | Lair:5   | Reached XP level 15. HP: 104/126 MP: 0/0
 20592 | Lair:5   | Learned a level 6 spell: Eringya's Noxious Bog
 20626 | Lair:5   | XOM: torment (64/126 hp)
 20632 | Lair:5   | XOM: god gift: lightning rod (4/4)
 20666 | Lair:5   | XOM: swap monsters
 20744 | Lair:5   | XOM: enchant monster (bad)
 20812 | Lair:5   | XOM: cloud trail
 21230 | Lair:5   | XOM: confuse monster(s)
 21440 | Lair:5   | XOM: god gift: 23 gold pieces
 21514 | Lair:1   | XOM: god gift: wand of paralysis (7)
 21581 | D:9      | Killed Maurice
 21672 | D:9      | XOM: summons friendly white imp
 21681 | D:9      | XOM: potion effect (invisibility)
 21753 | D:9      | XOM: cloud trail
 21792 | D:9      | XOM: scenery: 4 doors close
 21810 | D:10     | XOM: summons 1 hostile demon
 22270 | D:12     | Identified the staff of Prudence {rElec rN+ Str+4 Air}
 22441 | D:12     | XOM: noise
 22791 | D:12     | XOM: stat loss: -1 Dex (8/10)
 22846 | D:12     | XOM: enchant monster (bad)
 23254 | D:13     | XOM: swap monsters
 23336 | D:12     | XOM: stat loss: -1 Int (22/23)
 23415 | D:12     | XOM: cloud trail
 23525 | D:13     | XOM: enchant monster (bad)
 23629 | D:13     | Found a frozen archway.
 23640 | IceCv    | Entered an ice cave
 23692 | D:13     | XOM: enchant monster (bad)
 23898 | D:13     | XOM: cast spell 'Monstrous Menagerie'
 23902 | D:13     | XOM: summons friendly quasit
 23915 | D:13     | Reached skill level 14 in Fighting
 24410 | D:13     | Found Kopnei's Armour Shop.
 24613 | D:13     | Identified a scroll of acquirement
 24614 | D:13     | Acquired the +3 buckler of Tomorrow {Dex+6}
 24830 | D:14     | XOM: summons 2 friendly demons
 24834 | D:14     | XOM: summons 7 hostile demons
 24841 | D:14     | Reached skill level 5 in Evocations
 24891 | D:14     | XOM: enchant monster (bad)
 24940 | D:14     | Noticed Snorg
 24956 | D:13     | XOM: god gift: 58 gold pieces
 25137 | D:14     | XOM: confuse monster(s)
 25160 | D:14     | Killed Snorg
 25188 | D:14     | Reached XP level 16. HP: 136/136 MP: 0/0
 25285 | D:14     | Found a shadowy altar of Dithmenos.
 25382 | D:14     | XOM: god gift: 3 javelins
 25459 | D:14     | XOM: fog
 25477 | D:14     | XOM: enchant monster (bad)
 25719 | D:14     | XOM: noise
 25757 | D:14     | XOM: swap monsters
 25787 | D:14     | XOM: fog
 25826 | D:14     | XOM: polymorph troll -> hound
 25841 | D:14     | XOM: noise
 25843 | D:14     | Found a gate to the Vaults.
 25849 | D:14     | XOM: stat loss: -1 Dex (13/16)
 26244 | D:14     | Found a shadowy altar of Dithmenos.
 26276 | D:14     | Reached skill level 15 in Fighting
 26282 | D:14     | XOM: divine lightning
 26629 | D:14     | Found a gate to the Vaults.
 26669 | D:14     | XOM: give mutation
 26669 | D:14     | Lost mutation: You have a pair of small antennae on your
                  | head. [Xom's mischief]
 26740 | D:15     | Entered Level 15 of the Dungeon
 26773 | D:15     | Found a staircase to the Depths.
 27194 | D:15     | Found a runed translucent door.
 27197 | D:15     | Noticed melvinkitnick's ghost (journeyman TeIE)
 27238 | D:15     | XOM: cast spell 'Summon Small Mammal'
 27246 | D:15     | XOM: silly message
 27276 | D:15     | XOM: noise
 27423 | D:15     | XOM: confusion
 27430 | D:15     | XOM: chaos upgrade
 27486 | D:14     | XOM is BORED!
 27486 | D:14     | XOM: stat loss: -2 Str (16/18)
 27588 | D:15     | XOM: summons 1 hostile shadow creature
 27620 | D:14     | XOM: stat loss: -1 Int (23/24)
 27771 | D:15     | XOM: give mutations
 27771 | D:15     | Lost mutation: You are mostly covered in iridescent scales.
                  | (AC +4) [Xom's mischief]
 27771 | D:15     | Gained mutation: You are strong-willed. (Will+) [Xom's
                  | mischief]
 28165 | D:15     | XOM: 1-stop teleportation journey
 28180 | D:15     | XOM: 2-stop teleportation journey
 28528 | D:15     | XOM: confusion
 28539 | D:15     | XOM: confusion (+ monsters)
 28541 | D:15     | XOM: confusion
 28624 | D:15     | Reached skill level 5 in Armour
 28815 | Orc:1    | XOM: noise
 28815 | Orc:1    | Entered Level 1 of the Orcish Mines
 29132 | Orc:1    | Noticed Sonja
 29139 | Orc:1    | Killed Sonja
 29228 | Orc:2    | Entered Level 2 of the Orcish Mines
 29351 | Orc:2    | XOM: scenery: create altars
 29387 | Orc:2    | Noticed Azrael
 29401 | Orc:2    | Found Urol Hyo's Gadget Gallery.
 29428 | Orc:2    | Killed Azrael
 29428 | Orc:2    | XOM: 8-stop teleportation journey
 29433 | Orc:2    | Reached skill level 16 in Fighting
 29460 | Orc:2    | Bought a wand of iceblast (3) for 79 gold pieces
 29460 | Orc:2    | Bought a wand of paralysis (2) for 52 gold pieces
 29641 | Orc:2    | Noticed Urug
 29656 | Orc:2    | Noticed Saint Roka
 29659 | Orc:2    | Killed Urug
 29674 | Orc:2    | XOM: enchant monster (bad)
 29701 | Orc:1    | XOM: summons 9 hostile demons
 29855 | Orc:2    | Reached XP level 17. HP: 130/146 MP: 0/0
 29855 | Orc:2    | Learned a level 6 spell: Summon Cactus Giant
 29981 | Orc:2    | Found a staircase to the Elven Halls.
 30122 | Orc:2    | Killed Saint Roka
 30123 | Orc:2    | Reached skill level 15 in Long Blades
 30446 | Orc:2    | XOM: enchant monster (bad)
 30453 | Orc:2    | XOM: confuse monster(s)
 30715 | Orc:2    | XOM: blink monster(s)
 30792 | Orc:2    | Found Gugrox's Antique Armour Shoppe.
 30796 | Orc:2    | Found Supo's Jewellery Shoppe.
 30842 | Orc:2    | XOM: give mutations
 30842 | Orc:2    | Lost mutation: You passively map a small area around you.
                  | [Xom's mischief]
 30842 | Orc:2    | Gained mutation: You occasionally lose the ability to drink
                  | potions when taking damage. [Xom's mischief]
 30842 | Orc:2    | Lost mutation: Armour fits poorly on your strangely shaped
                  | body. [Xom's mischief]
 30865 | Orc:2    | Found Fikkoed's Antique Weapon Shoppe.
 30874 | Orc:2    | Found Runiqits's General Store.
 31051 | Orc:2    | Bought a scroll of teleportation for 45 gold pieces
 31051 | Orc:2    | Bought a potion of haste for 150 gold pieces
 31106 | Orc:2    | Bought the ring of the Hare {EV+10} for 1280 gold pieces
 31106 | Orc:2    | Found the ring of the Hare {EV+10}
 31126 | Orc:2    | Bought a glowing scarf for 216 gold pieces
 31126 | Orc:2    | Bought a glowing helmet for 202 gold pieces
 31201 | Orc:1    | XOM: noise
 31308 | Snake:1  | Entered Level 1 of the Snake Pit
 31399 | Snake:1  | XOM: chaos upgrade
 31457 | Snake:1  | XOM: enchant monster (bad)
 31505 | Snake:1  | XOM: stat loss: -1 Dex (15/16)
 31514 | Snake:1  | XOM: 1-stop teleportation journey
 31515 | Snake:1  | Found Fiulal's Armour Shop.
 31519 | Snake:1  | XOM: chaos upgrade
 31532 | Snake:1  | XOM: scenery: summon butterflies
 31533 | Snake:1  | XOM: noise
 31757 | Snake:1  | XOM: noise
 31911 | Snake:1  | XOM: cloud trail
 32161 | Snake:1  | XOM: divination: detect items
 32373 | Snake:2  | XOM: potion effect (brilliance)
 32441 | Snake:1  | XOM: torment (75/148 hp)
 32462 | Snake:1  | XOM: silly message
 32640 | Snake:2  | Reached skill level 17 in Fighting
 32678 | Snake:2  | XOM: enchant monster (bad)
 32981 | Snake:2  | Noticed Mlioglotl
 33005 | Snake:2  | Killed Mlioglotl
 33027 | Snake:2  | XOM: potion effect (berserk rage)
 33411 | Snake:2  | You are sucked into a shaft and drop 1 floor!
 33568 | Snake:3  | Reached XP level 18. HP: 157/157 MP: 0/0
 33631 | Snake:3  | XOM: enchant monster (good)
 33673 | Snake:3  | XOM: destruction
 33914 | Snake:3  | XOM: cloud trail
 34027 | Snake:3  | XOM: 4-stop teleportation journey
 34198 | Snake:3  | XOM: god gift: 13 gold pieces
 34358 | Snake:4  | Entered Level 4 of the Snake Pit
 34553 | Snake:4  | XOM: give mutations
 34553 | Snake:4  | Lost mutation: Your mind is acute. (Int +4, Str/Dex -1)
                  | [Xom's mischief]
 34553 | Snake:4  | Lost mutation: You occasionally lose the ability to drink
                  | potions when taking damage. [Xom's mischief]
 34771 | Snake:4  | XOM: enchant monster (good)
 34778 | Snake:4  | XOM: summons 4 hostile demons
 34865 | Snake:4  | XOM: scenery: create altars
 34962 | Snake:4  | XOM: give mutations
 34962 | Snake:4  | Lost mutation: You are robust. (+10% HP) [Xom's mischief]
 34962 | Snake:4  | Lost mutation: Your spells are a little easier to cast, but
                  | a little less powerful. [Xom's mischief]
 34962 | Snake:4  | Lost mutation: Your muscles are very strong. (Str +8,
                  | Int/Dex -2) [Xom's mischief]
 35014 | Snake:4  | XOM: draining
 35056 | Snake:4  | XOM: give mutations
 35056 | Snake:4  | Gained mutation: You are dopey. (Int -2) [Xom's mischief]
 35056 | Snake:4  | Gained mutation: You occasionally lose the ability to drink
                  | potions when taking damage. [Xom's mischief]
 35056 | Snake:4  | Lost mutation: You are strong-willed. (Will+) [Xom's
                  | mischief]
 35216 | Snake:4  | XOM: 3-stop teleportation journey
 35218 | Snake:4  | XOM: enchant monster (good)
 35220 | Snake:4  | XOM: summons 6 friendly demons
 35273 | Snake:3  | XOM: silly message
 35478 | Snake:4  | XOM: enchant monster (good)
 35532 | Snake:4  | XOM: potion effect (brilliance)
 35582 | Snake:4  | Reached skill level 18 in Fighting
 35718 | Snake:4  | XOM: fake destruction
 35753 | Snake:4  | Got a serpentine rune of Zot
 35967 | Snake:2  | Identified the +0 arbalest "Spider's Foe" {freeze, rCorr
                  | Int+2 Dex-4}
 36350 | Orc:2    | Bought an embroidered hat for 189 gold pieces
 36350 | Orc:2    | Bought a runed leather armour for 135 gold pieces
 36506 | Shoals:1 | Entered Level 1 of the Shoals
 36506 | Shoals:1 | Identified the serpent talisman "Lunezuiw" {rCorr}
 36506 | Shoals:1 | Noticed Aizul
 36515 | Lair:3   | Killed Aizul
 36827 | Lair:3   | XOM: give mutations
 36827 | Lair:3   | Gained mutation: Your body often deteriorates upon taking
                  | damage. [Xom's mischief]
 36827 | Lair:3   | Gained mutation: You occasionally lose the ability to read
                  | scrolls when taking damage. [Xom's mischief]
 36934 | Shoals:1 | Reached XP level 19. HP: 134/150 MP: 0/0
 36934 | Shoals:1 | Learned a level 6 spell: Conjure Ball Lightning
 37312 | Shoals:1 | XOM: smoke on damage
 37319 | Shoals:1 | XOM: cloud trail
 37346 | Shoals:1 | Reached skill level 10 in Armour
 37356 | Shoals:1 | XOM: confusion
 37676 | Shoals:1 | XOM: enchant monster (bad)
 37758 | Shoals:1 | XOM: 1-stop teleportation journey
 38145 | Shoals:2 | XOM: give mutation
 38145 | Shoals:2 | Lost mutation: You are partially covered in iridescent
                  | scales. (AC +2) [Xom's mischief]
 38262 | Shoals:2 | XOM: blink monster(s)
 38628 | Shoals:2 | XOM: enchant monster (good)
 39243 | Shoals:3 | Noticed Mara
 39261 | Shoals:3 | Noticed iamserjio's illusion
 39261 | Shoals:3 | XOM: blink monster(s)
 39265 | Shoals:3 | Noticed iamserjio's illusion
 39274 | Shoals:3 | Killed Mara
 39275 | Shoals:3 | XOM: chaos upgrade
 39282 | Shoals:3 | XOM: snakes to sticks
 39365 | Shoals:2 | XOM: god gift: potion of mutation
 39499 | Shoals:2 | XOM: cloud trail
 39503 | Shoals:2 | XOM: god gift: 2 boomerangs
 39567 | Shoals:3 | XOM: fog
 39595 | Shoals:3 | XOM: enchant monster (good)
 39746 | Shoals:3 | XOM: god gift: scroll of teleportation
 39753 | Shoals:3 | Reached skill level 19 in Fighting
 39775 | Shoals:3 | Identified the +2 ring mail of Filth {Regen+}
 40010 | Shoals:3 | XOM: noise
 40066 | Shoals:3 | XOM: noise
 40299 | Shoals:3 | XOM: stat loss: -1 Str (14/15)
 40333 | Shoals:3 | XOM: give mutation
 40333 | Shoals:3 | Gained mutation: You are agile. (Dex +4, Str/Int -1) [Xom's
                  | grace]
 40370 | Shoals:3 | XOM: divine lightning
 40428 | Shoals:4 | Entered Level 4 of the Shoals
 40434 | Shoals:4 | Found the +8 trishula "Condemnation" {holy, anguish, *Noise
                  | Fly rN+}
 40460 | Shoals:4 | XOM: god gift: 44 gold pieces
 40695 | Shoals:4 | XOM: fog
 40696 | Shoals:3 | XOM: divination: detect creatures
 40799 | Shoals:4 | XOM: summons friendly crimson imp
 40802 | Shoals:4 | Reached XP level 20. HP: 128/160 MP: 0/0
 41270 | Shoals:4 | Got a barnacled rune of Zot
 41272 | Shoals:4 | Got an azure gem with 0 turns to spare
 41349 | Shoals:4 | Noticed Ilsuiw
 41349 | Shoals:4 | XOM: potion effect (invisibility)
 41369 | Shoals:4 | XOM: scenery: 1 doors close
 41371 | Shoals:4 | XOM: summons 13 friendly demons
 41376 | Shoals:4 | Killed Ilsuiw
 41504 | Shoals:4 | XOM: give mutation
 41504 | Shoals:4 | Lost mutation: You are somewhat resistant to further
                  | mutation. [Xom's mischief]
 41504 | Shoals:4 | Gained mutation: You have hidden genetic potential. [Xom's
                  | mischief]
 41778 | Shoals:4 | XOM: summons friendly iron imp
 42061 | Shoals:4 | XOM: noise
 42113 | Shoals:4 | XOM: blink monster(s)
 42197 | Shoals:4 | XOM: torment (67/161 hp)
 42249 | Shoals:4 | XOM: give mutations
 42249 | Shoals:4 | Lost mutation: You have hidden genetic potential. [Xom's
                  | mischief]
 42249 | Shoals:4 | Gained mutation: You are somewhat resistant to further
                  | mutation. [Xom's mischief]
 42249 | Shoals:4 | Lost mutation: Your muscles are strong. (Str +4, Int/Dex
                  | -1) [Xom's mischief]
 42249 | Shoals:4 | Gained mutation: Armour fits poorly on your strangely
                  | shaped body. [Xom's mischief]
 42249 | Shoals:4 | Gained mutation: You sometimes lose the ability to drink
                  | potions when taking damage. [Xom's mischief]
 42401 | Shoals:4 | XOM: give mutations
 42401 | Shoals:4 | Gained mutation: You passively map a small area around you.
                  | [Xom's grace]
 42401 | Shoals:4 | Gained mutation: You are partially covered in iridescent
                  | scales. (AC +2) [Xom's grace]
 42625 | Shoals:4 | Lost mutation: You sometimes lose the ability to drink
                  | potions when taking damage. [potion of mutation]
 42625 | Shoals:4 | Lost mutation: Armour fits poorly on your strangely shaped
                  | body. [potion of mutation]
 42626 | Shoals:4 | Lost mutation: You are partially covered in iridescent
                  | scales. (AC +2) [potion of mutation]
 42626 | Shoals:4 | Lost mutation: You are dopey. (Int -2) [potion of mutation]
 42626 | Shoals:4 | Lost mutation: You occasionally lose the ability to drink
                  | potions when taking damage. [potion of mutation]
 42627 | Shoals:4 | Lost mutation: You are somewhat resistant to further
                  | mutation. [potion of mutation]
 42627 | Shoals:4 | Lost mutation: You passively map a small area around you.
                  | [potion of mutation]
 42627 | Shoals:4 | Lost mutation: You are agile. (Dex +4, Str/Int -1) [potion
                  | of mutation]
 42627 | Shoals:4 | Gained mutation: You are agile. (Dex +4, Str/Int -1)
                  | [potion of mutation]
 42627 | Shoals:4 | Gained mutation: You have sharp fingernails. [potion of
                  | mutation]
 42628 | Shoals:4 | Lost mutation: You are agile. (Dex +4, Str/Int -1) [potion
                  | of mutation]
 42628 | Shoals:4 | Lost mutation: You occasionally lose the ability to read
                  | scrolls when taking damage. [potion of mutation]
 42628 | Shoals:4 | Gained mutation: You are partially covered in iridescent
                  | scales. (AC +2) [potion of mutation]
 42628 | Shoals:4 | Gained mutation: You are frail. (-10% HP) [potion of
                  | mutation]
 42628 | Shoals:4 | Gained mutation: You are somewhat resistant to further
                  | mutation. [potion of mutation]
 42629 | Shoals:4 | Lost mutation: You are frail. (-10% HP) [potion of
                  | mutation]
 42629 | Shoals:4 | Lost mutation: You have sharp fingernails. [potion of
                  | mutation]
 42629 | Shoals:4 | Lost mutation: Your body often deteriorates upon taking
                  | damage. [potion of mutation]
 42629 | Shoals:4 | Gained mutation: You have a pair of small horns on your
                  | head. [potion of mutation]
 42679 | Shoals:4 | XOM: silly message
 42938 | Elf:1    | Entered Level 1 of the Elven Halls
 43401 | Elf:1    | Found a huge runed translucent gate.
 43509 | Elf:1    | Found a huge runed translucent gate.
 43510 | Elf:1    | Found a huge runed translucent gate.
 43510 | Elf:1    | Found a huge runed translucent gate.
 43513 | Elf:1    | Found a huge runed translucent gate.
 43513 | Elf:1    | Found a huge runed translucent gate.
 43515 | Elf:1    | Found a huge runed translucent gate.
 43515 | Elf:1    | Found a huge runed translucent gate.
 43515 | Elf:1    | Found a huge runed translucent gate.
 43516 | Elf:1    | Found a huge runed translucent gate.
 43516 | Elf:1    | Found a huge runed translucent gate.
 43516 | Elf:1    | Found a huge runed translucent gate.
 43516 | Elf:1    | Found a huge runed translucent gate.
 43517 | Elf:1    | Found a huge runed translucent gate.
 43517 | Elf:1    | Found a huge runed translucent gate.
 43517 | Elf:1    | Found a huge runed translucent gate.
 43517 | Elf:1    | Found a huge runed translucent gate.
 43517 | Elf:1    | Found a huge runed translucent gate.
 43517 | Elf:1    | Found a huge runed translucent gate.
 43517 | Elf:1    | Found a huge runed translucent gate.
 43531 | Elf:1    | XOM: give mutations
 43531 | Elf:1    | Gained mutation: You expend health (3 HP) to strengthen
                  | your wands. [Xom's grace]
 43531 | Elf:1    | Gained mutation: You are strong-willed. (Will+) [Xom's
                  | grace]
 43531 | Elf:1    | Gained mutation: You are somewhat resistant to both further
                  | mutation and mutation removal. [Xom's grace]
 43573 | Elf:1    | Found Dopotz's Antique Armour Shoppe.
 43577 | Elf:1    | Bought a bloodstained chain mail for 389 gold pieces
 43577 | Elf:1    | Identified the +1 chain mail of Hyorphagg {rElec Will+
                  | Str+4 Stlth+} (You bought it in a shop on level 1 of the
                  | Elven Halls)
 43788 | Elf:1    | Paralysed by an air elemental for 1 turns
 43793 | Elf:1    | Paralysed by an air elemental for 1 turns
 43979 | Elf:1    | XOM: scenery: create altars
 43989 | Elf:1    | XOM: fog
 43999 | Elf:1    | XOM: cleaving
 44047 | Elf:1    | Reached skill level 20 in Fighting
 44072 | Elf:1    | XOM: give mutations
 44072 | Elf:1    | Gained mutation: You are resistant to electric shocks.
                  | (rElec) [Xom's grace]
 44072 | Elf:1    | Gained mutation: You are mostly covered in iridescent
                  | scales. (AC +4) [Xom's grace]
 44072 | Elf:1    | Lost mutation: You are somewhat resistant to both further
                  | mutation and mutation removal. [Xom's grace]
 44072 | Elf:1    | Lost mutation: You are somewhat resistant to further
                  | mutation. [Xom's grace]
 44072 | Elf:1    | Gained mutation: You have hidden genetic potential. [Xom's
                  | grace]
 44072 | Elf:1    | Gained mutation: You are robust. (+10% HP) [Xom's grace]
 44344 | Elf:1    | XOM: polymorph deep elf archer -> rime drake
 44361 | Elf:1    | XOM: summons friendly shadow imp
 44402 | Elf:1    | XOM: polymorph deep elf pyromancer -> hog
 44651 | Elf:1    | XOM: give mutations
 44651 | Elf:1    | Gained mutation: You have great hidden genetic potential.
                  | [Xom's grace]
 44651 | Elf:1    | Gained mutation: You are highly strong-willed. (Will++)
                  | [Xom's grace]
 44653 | Elf:1    | XOM: divination: detect creatures
 44658 | Elf:1    | XOM: divination: detect creatures
 44985 | Elf:2    | Paralysed by an air elemental for 1 turns
 45028 | Elf:2    | Found a runed translucent gate.
 45031 | Elf:2    | Found a runed translucent gate.
 45031 | Elf:2    | Found a runed translucent gate.
 45061 | Elf:2    | XOM: cleaving
 45153 | Elf:2    | Found a huge runed translucent gate.
 45153 | Elf:2    | Found a huge runed translucent gate.
 45153 | Elf:2    | Found a huge runed translucent gate.
 45157 | Elf:2    | Found a huge runed translucent gate.
 45157 | Elf:2    | Found a huge runed translucent gate.
 45353 | Elf:2    | XOM: torment (90/178 hp)
 45483 | Elf:2    | XOM: scenery: 2 doors close
 45551 | Elf:2    | Found an opulent altar of Gozag.
 45551 | Elf:2    | Noticed Noacot's ghost (journeyman DsFi)
 45554 | Elf:2    | Found Unel's Assorted Antiques.
 45595 | Elf:2    | XOM: scenery: summon butterflies
 45801 | Elf:3    | Entered Level 3 of the Elven Halls
 45801 | Elf:3    | Found Kiukk's General Store.
 45801 | Elf:3    | XOM: confuse monster(s)
 45823 | Elf:3    | XOM: enchant monster (good)
 45916 | Elf:3    | Noticed Boris
 45925 | Elf:3    | Killed Boris
 45926 | Elf:3    | Reached XP level 21. HP: 176/184 MP: 0/0
 45926 | Elf:3    | Learned a level 7 spell: Malign Gateway
 45950 | Elf:3    | XOM: cleaving
 46148 | Elf:3    | Found Oroguza's Book Boutique.
 46148 | Elf:3    | Found Kexzist's Jewellery Shoppe.
 46149 | Elf:3    | Found Gotaih's Book Boutique.
 46257 | Elf:3    | Reached skill level 1 in Shapeshifting
 46278 | Elf:3    | XOM: fog
 46450 | Elf:3    | Identified the +7 war axe of Actus Reus {spect, Dex+4}
 46457 | Elf:3    | XOM: enchant monster (bad)
 46480 | Elf:3    | XOM: chaos upgrade
 46495 | Elf:3    | XOM: divination: detect items
 46590 | Elf:3    | Bought a potion of heal wounds for 70 gold pieces
 46590 | Elf:3    | Bought 2 potions of curing for 84 gold pieces
 46741 | Elf:3    | XOM: 2-stop teleportation journey
 46754 | Elf:3    | Identified the staff of Valiance {rPois rN++ MP+9 Int-2
                  | SInv Alchemy}
 46820 | Elf:2    | XOM: 3-stop teleportation journey
 46880 | Elf:2    | Reached skill level 5 in Shapeshifting
 47015 | Elf:2    | XOM: noise
 47159 | Elf:2    | XOM: summons 1 hostile shadow creature
 47407 | Elf:2    | Gained mutation: Your spells are a little harder to cast,
                  | but a little more powerful. [hidden potential]
 47437 | Elf:3    | XOM: enchant monster (bad)
 47693 | Elf:3    | XOM: silly message
 47830 | Elf:3    | Identified the +11 sling of the Crypt {speed, rPois rF+}
 48462 | Vaults:1 | Entered Level 1 of the Vaults
 48462 | Vaults:1 | Noticed Zenata
 48547 | Vaults:1 | Killed Zenata
 48775 | Vaults:1 | Found Ilokhlogem's Book Emporium.
 48882 | Vaults:1 | XOM: cast spell 'Summon Hydra'
 49088 | Vaults:1 | Noticed Norris
 49100 | Vaults:1 | Killed Norris
 49320 | Vaults:1 | XOM: enchant monster (bad)
 49337 | Vaults:1 | XOM: enchant monster (good)
 49570 | Vaults:1 | XOM: noise
 49582 | Vaults:1 | Reached XP level 22. HP: 166/192 MP: 0/0
 49793 | Vaults:1 | XOM: draining
 50002 | Vaults:1 | Reached skill level 10 in Shapeshifting
 50334 | Vaults:1 | XOM: polymorph hellwing -> smoke demon
 50421 | Vaults:2 | XOM: polymorph ironbound convoker -> glowing shapeshifter
 50553 | Vaults:2 | XOM: noise
 50647 | Vaults:2 | XOM is BORED!
 50647 | Vaults:2 | XOM: noise
 50744 | Vaults:2 | Found Bunikk's Magic Scroll Emporium.
 51001 | Vaults:2 | XOM: god gift: 47 gold pieces
 51164 | Vaults:2 | You are sucked into a shaft and drop 2 floors!
 51177 | Vaults:4 | XOM: chaos upgrade
 51181 | Vaults:4 | XOM: noise
 51203 | Vaults:4 | XOM: cast spell 'Animate Armour'
 51564 | Vaults:4 | XOM: silly message
 51687 | Vaults:4 | Gained mutation: You are extremely strong-willed. (Will+++)
                  | [hidden potential]
 51687 | Vaults:4 | Lost mutation: You have great hidden genetic potential.
                  | [hidden potential expressed]
 51733 | Vaults:4 | XOM: potion effect (invisibility)
 52085 | Vaults:4 | Identified the scarf "Dasenne" {repulsion, rC+}
 52122 | Vaults:4 | XOM: give mutation
 52122 | Vaults:4 | Lost mutation: You are robust. (+10% HP) [Xom's mischief]
 52306 | Vaults:4 | XOM: chaos upgrade
 52310 | Vaults:4 | XOM: chaos upgrade
 52488 | Vaults:4 | XOM: divination: magic mapping
 52518 | Vaults:3 | XOM: blink monster(s)
 52591 | Vaults:3 | Found Itosech's Antique Armour Shoppe.
 52640 | Vaults:3 | an ironbound preserver changed into a golden dragon
 52640 | Vaults:3 | Noticed a golden dragon
 52640 | Vaults:3 | XOM: polymorph ironbound preserver -> golden dragon
 52641 | Vaults:3 | Killed a golden dragon
 52641 | Vaults:3 | XOM: silly message
 53033 | Vaults:2 | XOM: divination: detect creatures
 53057 | Vaults:2 | XOM: silly message
 53384 | Vaults:2 | Reached XP level 23. HP: 182/182 MP: 0/0
 53384 | Vaults:2 | Learned a level 8 spell: Infestation
 53463 | Vaults:2 | XOM: potion effect (brilliance)
 53660 | Vaults:2 | XOM: divination: detect creatures
 54087 | Vaults:3 | XOM: divination: magic mapping
 54089 | Vaults:3 | XOM: noise
 54620 | Vaults:3 | Found a staircase to the Crypt.
 54622 | Vaults:3 | Found a basalt altar of Yredelemnul.
 54686 | Vaults:3 | XOM: silly message
 54809 | Vaults:3 | XOM: 3-stop teleportation journey
 55392 | Elf:3    | Bought a granite talisman for 1080 gold pieces
 55672 | Vaults:2 | Bought a scroll of fear for 56 gold pieces
 55672 | Vaults:2 | Bought a scroll of teleportation for 42 gold pieces
 55672 | Vaults:2 | Bought a scroll of teleportation for 42 gold pieces
 55672 | Vaults:2 | Bought a scroll of teleportation for 42 gold pieces
 55672 | Vaults:2 | Bought a scroll of silence for 133 gold pieces
 55789 | Depths:1 | Entered Level 1 of the Depths
 55813 | Depths:1 | XOM: enchant monster (good)
 55834 | Depths:1 | Reached skill level 15 in Shapeshifting
 55928 | Depths:1 | XOM: enchant monster (bad)
 56225 | Depths:1 | XOM: noise
 56255 | Depths:1 | XOM: 4-stop teleportation journey
 56291 | Depths:1 | Found Terghete's Weapon Emporium.
 56295 | Depths:1 | XOM: 1-stop teleportation journey
 56490 | Depths:1 | XOM: potion effect (heal wounds)
 56667 | Depths:1 | Found a gateway to Hell.
 56741 | Depths:1 | Found a sparkling altar of Nemelex Xobeh.
 56905 | Depths:2 | XOM: noise
 56954 | Depths:2 | Noticed Boris
 57177 | Depths:1 | Killed Boris
 57223 | Depths:2 | Found a broken altar of Ashenzari.
 57545 | Depths:2 | XOM: noise
 57735 | Depths:2 | XOM: summons friendly white imp
 57770 | Depths:2 | XOM: silly message
 57814 | Depths:2 | XOM: 1-stop teleportation journey
 57866 | Depths:2 | XOM: polymorph white imp -> ufetubus
 57875 | Depths:2 | Found Dasuofru's Book Shop.
 57969 | Depths:2 | Found a one-way gate leading to the halls of Pandemonium.
 58022 | Depths:2 | XOM: confusion (+ monsters)
 58035 | Depths:2 | Reached XP level 24. HP: 188/188 MP: 0/0
 58154 | Depths:2 | Noticed Bai Suzhen
 58156 | Depths:2 | XOM: scenery: 1 doors close
 58363 | Depths:2 | Identified the +0 scale mail of Wiett {Str+3}
 58399 | Depths:2 | Killed Bai Suzhen
 58670 | Depths:3 | XOM: give mutations
 58670 | Depths:3 | Gained mutation: You are partially covered in large bone
                  | plates. (SH +4) [Xom's mischief]
 58670 | Depths:3 | Lost mutation: Your body sometimes deteriorates upon taking
                  | damage. [Xom's mischief]
 58811 | Depths:3 | Reached skill level 15 in Spellcasting
 58811 | Depths:3 | Reached skill level 15 in Conjurations
 58811 | Depths:3 | Reached skill level 15 in Hexes
 58811 | Depths:3 | Reached skill level 15 in Summonings
 58811 | Depths:3 | Reached skill level 15 in Necromancy
 58811 | Depths:3 | Reached skill level 15 in Translocations
 58811 | Depths:3 | Reached skill level 15 in Fire Magic
 58811 | Depths:3 | Reached skill level 15 in Ice Magic
 58811 | Depths:3 | Reached skill level 15 in Air Magic
 58811 | Depths:3 | Reached skill level 15 in Earth Magic
 58811 | Depths:3 | Reached skill level 15 in Alchemy
 58863 | Depths:3 | XOM: divination: detect creatures
 58880 | Depths:3 | Noticed a juggernaut
 58881 | Depths:3 | XOM: divination: detect creatures
 58949 | Depths:3 | Noticed a juggernaut
 58955 | Depths:3 | Killed a juggernaut
 59227 | Depths:3 | Killed a juggernaut
 59333 | Depths:3 | Gained mutation: You possess an exceptional clarity of
                  | mind. [hidden potential]
 59518 | Depths:3 | Noticed a juggernaut
 59591 | Depths:3 | XOM: cast spell 'Leda's Liquefaction'
 59688 | Depths:3 | XOM: enchant monster (good)
 59712 | Depths:2 | XOM: divination: detect items
 59755 | Depths:2 | XOM: scenery: 1 doors open, 1 doors close
 59863 | Depths:3 | Killed a juggernaut
 59895 | Depths:3 | XOM: enchant monster (bad)
 60026 | Depths:3 | XOM: swap monsters
 60072 | Depths:3 | Noticed a juggernaut
 60079 | Depths:3 | Killed a juggernaut
 60228 | Depths:3 | XOM: silly message
 60558 | Depths:3 | XOM: divination: magic mapping
 60659 | Depths:3 | Noticed a caustic shrike
 60663 | Depths:3 | XOM: enchant monster (bad)
 60666 | Depths:3 | Killed a caustic shrike
 60728 | Depths:3 | XOM: scenery: 1 doors close
 60836 | Depths:3 | Found a one-way gate to the infinite horrors of the Abyss.
 60838 | Depths:3 | Found a one-way gateway to a ziggurat.
 60897 | Depths:3 | Noticed a caustic shrike
 60899 | Depths:3 | Identified the ring "Sojun" {Will+ AC+4}
 60920 | Depths:3 | Killed a caustic shrike
 60928 | Depths:3 | Reached skill level 21 in Fighting
 60956 | Depths:3 | XOM: god gift: scroll of poison
 61331 | Depths:3 | XOM: noise
 61379 | Depths:4 | Entered Level 4 of the Depths
 61435 | Depths:4 | Reached XP level 25. HP: 193/193 MP: 0/0
 61435 | Depths:4 | Learned a level 9 spell: Death's Door
 61528 | Depths:4 | XOM: noise
 61532 | Depths:4 | XOM: silly message
 61533 | Depths:4 | Reached skill level 1 in Stealth
 61636 | Depths:4 | Identified the +1 whip "Xaewkyits" {freeze, rC+ SInv
                  | Stlth-}
 61685 | Depths:4 | Noticed a juggernaut
 61691 | Depths:4 | Killed a juggernaut
 61770 | Depths:4 | Identified the ring "Girycot" {Ice Dex+6 SInv}
 61770 | Depths:4 | Noticed Josephina
 61894 | Depths:4 | Killed Josephina
 62107 | Depths:4 | Noticed a juggernaut
 62213 | Depths:4 | XOM: 1-stop teleportation journey
 62234 | Depths:4 | XOM: summons friendly crimson imp
 62472 | Depths:4 | Gained mutation: You have a pair of horns on your head.
                  | [hidden potential]
 62472 | Depths:4 | Lost mutation: You have hidden genetic potential. [hidden
                  | potential expressed]
 62768 | Depths:4 | Killed a juggernaut
 62882 | Depths:4 | XOM: blink monster(s)
 62926 | Depths:4 | XOM: god gift: buckler {god gift}
 63011 | Depths:4 | Identified the +0 orcbow of Fate {heavy, rF- MP+9 SInv
                  | Stlth+}
 63083 | Depths:4 | XOM: silly message
 63117 | Depths:4 | Found a runed translucent door.
 63117 | Depths:4 | Found a runed translucent door.
 63117 | Depths:4 | Found a runed translucent door.
 63122 | Depths:4 | XOM: silly message
 63164 | Depths:4 | Found a runed translucent door.
 63244 | Depths:4 | Found a runed translucent door.
 63244 | Depths:4 | Found a runed translucent door.
 63366 | Depths:4 | XOM: cloud trail
 63448 | Depths:4 | Found a gate to the Realm of Zot.
 63758 | Depths:4 | Reached skill level 15 in Dodging
 63831 | Depths:4 | XOM: give mutation
 63831 | Depths:4 | Lost mutation: You possess an exceptional clarity of mind.
                  | [Xom's mischief]
 63994 | D:15     | XOM: give mutations
 63994 | D:15     | Lost mutation: You have a pair of horns on your head.
                  | [Xom's mischief]
 63994 | D:15     | Lost mutation: You are resistant to electric shocks.
                  | (rElec) [Xom's mischief]
 63994 | D:15     | Lost mutation: Your spells are a little harder to cast, but
                  | a little more powerful. [Xom's mischief]
 64062 | D:15     | Killed melvinkitnick's ghost
 64117 | D:13     | XOM: torment (199/256 hp)
 64234 | Elf:1    | XOM: silly message
 64235 | Elf:1    | XOM: summons friendly ufetubus
 64531 | Vaults:5 | Entered Level 5 of the Vaults
 64538 | Vaults:4 | Reached skill level 5 in Stealth
 64656 | Vaults:5 | XOM: confusion
 64690 | Vaults:5 | Noticed a dread lich
 64691 | Vaults:5 | XOM: 2-stop teleportation journey
 64700 | Vaults:5 | XOM: destruction
 64701 | Vaults:5 | XOM: summons 4 friendly demons
 64803 | Vaults:5 | XOM: noise
 64822 | Vaults:5 | Reached XP level 26. HP: 205/205 MP: 0/0
 64867 | Vaults:5 | XOM: polymorph vault warden -> merfolk
 64904 | Vaults:5 | Identified the +1 scale mail "Emybil Kuask" {Dex+3}
 64918 | Vaults:5 | Got a silver rune of Zot
 65032 | Vaults:5 | Reached skill level 22 in Fighting
 65043 | Vaults:5 | Identified the +0 leather armour of Disaster {-Tele rF++
                  | rN+ Stlth+}
 65052 | Vaults:5 | Killed a dread lich
 65062 | Vaults:5 | XOM: cast spell 'Summon Small Mammal'
 65073 | Vaults:5 | XOM: enchant monster (good)
 65133 | Vaults:5 | XOM: summons 3 hostile demons
 65141 | Vaults:5 | XOM: fog
 65243 | Vaults:5 | Noticed a dread lich
 65253 | Vaults:5 | XOM: swap monsters
 65255 | Vaults:5 | XOM: summons friendly iron imp
 65256 | Vaults:5 | XOM: give mutation
 65256 | Vaults:5 | Lost mutation: You are extremely strong-willed. (Will+++)
                  | [Xom's mischief]
 65265 | Vaults:5 | Killed a dread lich
 65287 | Vaults:5 | Identified the +6 spear "Menga" {freeze, Str+3}
 65302 | Vaults:5 | Identified the +6 scale mail of Kuluw {rN+ Regen+ Stlth-}
 65354 | Vaults:5 | XOM: 4-stop teleportation journey
 65471 | Vaults:5 | XOM: blink monster(s)
 65472 | Vaults:5 | Identified the +7 scimitar of Loazy {pain, +Blink rElec
                  | rN+++ Int-4}
 65473 | Vaults:5 | Identified the +5 plate armour of the Lotus Blossom {+Blink
                  | +Inv rElec Will+}
 65487 | Vaults:5 | XOM: confuse monster(s)
 65596 | Vaults:5 | Found Daheedgh's Weapon Emporium.
 65612 | Vaults:5 | Identified the +5 scale mail of Conscience {rF+ rC+}
 65625 | Vaults:5 | Identified the staff of Malum In Se {*Corrode rN+ Dex+4
                  | Necro}
 65630 | Vaults:5 | Noticed Boris
 65634 | Vaults:5 | Killed Boris
 65640 | Vaults:5 | Identified the +1 ring mail of the Hurting Gods {-Tele
                  | rElec rPois rN++}
 65802 | Vaults:5 | XOM: fog
 65982 | Vaults:5 | XOM: 2-stop teleportation journey
 66115 | Vaults:5 | XOM: divination: detect creatures
 66550 | D:11     | XOM: divination: magic mapping
 66593 | D:9      | Bought a manual of Evocations for 1040 gold pieces
 66596 | D:9      | XOM: god gift: wand of iceblast (3)
 66719 | Slime:1  | Entered Level 1 of the Pits of Slime
 66770 | Slime:2  | XOM: god gift: wand of paralysis (7)
 66847 | Slime:5  | Entered Level 5 of the Pits of Slime
 66897 | Slime:5  | Noticed the Royal Jelly
 66899 | Slime:5  | XOM: cast spell 'Summon Small Mammal'
 66908 | Slime:5  | Reached XP level 27. HP: 190/211 MP: 0/0
 66908 | Slime:5  | Learned a level 9 spell: Chain Lightning
 66912 | Slime:5  | XOM: enchant monster (bad)
 66996 | Slime:5  | Found a viscous altar of Jiyva.
 66996 | Slime:5  | XOM: swap monsters
 66999 | Slime:5  | Gained mutation: You occasionally shout uncontrollably at
                  | your foes. [a shining eye]
 67001 | Slime:5  | Gained mutation: You sometimes lose your temper in combat.
                  | [a shining eye]
 67026 | Slime:5  | XOM: summons 3 friendly demons
 67043 | Slime:5  | XOM: summons 3 hostile demons
 67074 | Slime:5  | Lost mutation: You are partially covered in large bone
                  | plates. (SH +4) [potion of mutation]
 67074 | Slime:5  | Lost mutation: You expend health (3 HP) to strengthen your
                  | wands. [potion of mutation]
 67074 | Slime:5  | Gained mutation: Your spells are a little harder to cast,
                  | but a little more powerful. [potion of mutation]
 67075 | Slime:5  | Lost mutation: You have a pair of small horns on your head.
                  | [potion of mutation]
 67075 | Slime:5  | Lost mutation: You are highly strong-willed. (Will++)
                  | [potion of mutation]
 67075 | Slime:5  | Lost mutation: Your spells are a little harder to cast, but
                  | a little more powerful. [potion of mutation]
 67075 | Slime:5  | Gained mutation: Your body sometimes deteriorates upon
                  | taking damage. [potion of mutation]
 67075 | Slime:5  | Gained mutation: You passively map a small area around you.
                  | [potion of mutation]
 67075 | Slime:5  | Gained mutation: Your skin changes colour to match your
                  | surroundings (Stealth+). [potion of mutation]
 67076 | Slime:5  | Lost mutation: You sometimes lose your temper in combat.
                  | [potion of mutation]
 67076 | Slime:5  | Lost mutation: Your skin changes colour to match your
                  | surroundings (Stealth+). [potion of mutation]
 67076 | Slime:5  | Lost mutation: Your body sometimes deteriorates upon taking
                  | damage. [potion of mutation]
 67076 | Slime:5  | Gained mutation: You are somewhat resistant to further
                  | mutation. [potion of mutation]
 67113 | Slime:5  | XOM: enchant monster (bad)
 67227 | Slime:4  | XOM: polymorph dryad -> culicivora
 67284 | Slime:5  | XOM: 1-stop teleportation journey
 67321 | Slime:5  | XOM: enchant monster (good)
 67372 | Slime:5  | XOM: cloud trail
 67414 | Slime:5  | XOM: blink monster(s)
 67415 | Slime:5  | XOM: confuse monster(s)
 67417 | Slime:5  | XOM: summons 3 friendly demons
 67420 | Slime:5  | XOM: confuse monster(s)
 67423 | Slime:5  | Killed the Royal Jelly
 67442 | Slime:5  | XOM: divination: detect creatures
 67475 | Slime:5  | XOM: summons 5 friendly demons
 67782 | Slime:5  | XOM: scenery: summon butterflies
 67815 | Slime:5  | Identified the ring "Cofau" {Fly rPois rN+ rCorr}
 67828 | Slime:5  | Identified the ring of Panentheism {rPois rN+ Will+ rCorr}
 67865 | Slime:5  | Identified the +9 great sword of Vaen {flame, rElec rC+}
 67887 | Slime:5  | Identified the +4 flail of Juej {speed, rElec rC+ Str+3}
 67918 | Slime:5  | Identified the staff of the Usurping Salmon {rF+ Will- Air
                  | Earth}
 67922 | Slime:5  | Got a slimy rune of Zot
 67940 | Slime:5  | Identified the +10 plate armour of Morality {rPois rC-
                  | Dex+4}
 67951 | Slime:5  | Identified the +1 robe "Xanewez" {rElec rF+++ Will- Int-5}
 68019 | Slime:4  | XOM: 2-stop teleportation journey
 68021 | Slime:4  | Noticed Donald
 68031 | Slime:4  | Killed Donald
 68105 | Slime:1  | XOM: silly message
 68334 | Depths:3 | XOM: give mutation
 68334 | Depths:3 | Gained mutation: Your mind is acute. (Int +4, Str/Dex -1)
                  | [Xom's grace]
 68394 | Depths:3 | Voluntarily entered the Abyss.
 68519 | Abyss:3  | XOM: give mutation
 68576 | Abyss:3  | XOM: scenery: 3 doors close
 68607 | Abyss:3  | XOM: scenery: summon butterflies
 68633 | Abyss:3  | Found a corrupted altar of Lugonu.
 68636 | Abyss:3  | Found a corrupted altar of Lugonu.
 68654 | Abyss:3  | XOM: give mutations
 68654 | Abyss:3  | Gained mutation: You are robust. (+10% HP) [Xom's grace]
 68654 | Abyss:3  | Gained mutation: You have sharp fingernails. [Xom's grace]
 68674 | Abyss:3  | XOM: give mutations
 68674 | Abyss:3  | Gained mutation: Your flesh is almost immune to the effects
                  | of heat. (rF+++) [Xom's grace]
 68674 | Abyss:3  | Gained mutation: You are covered in fur. (AC +1) [Xom's
                  | grace]
 68674 | Abyss:3  | Gained mutation: You passively map the area around you.
                  | [Xom's grace]
 68674 | Abyss:3  | Gained mutation: You have a pair of small antennae on your
                  | head. [Xom's grace]
 68690 | Abyss:3  | Found a corrupted altar of Lugonu.
 68708 | Abyss:3  | XOM: fake destruction
 68732 | Abyss:3  | Found a runed translucent door.
 68735 | Abyss:3  | Found a runed translucent door.
 68735 | Abyss:3  | Found a runed translucent door.
 68747 | Abyss:3  | Found a corrupted altar of Lugonu.
 68754 | Abyss:3  | Found a corrupted altar of Lugonu.
 68817 | Abyss:3  | XOM: polymorph raiju -> howler monkey
 68831 | Abyss:3  | XOM: enchant monster (bad)
 68836 | Abyss:3  | XOM: torment (234/301 hp)
 68873 | Abyss:3  | XOM: silly message
 68901 | Abyss:3  | Reached skill level 10 in Evocations
 68916 | Abyss:3  | XOM: give mutation
 68916 | Abyss:3  | Lost mutation: You occasionally shout uncontrollably at
                  | your foes. [Xom's mischief]
 68933 | Abyss:3  | XOM: scenery: create altars
 68940 | Abyss:3  | Gained mutation: You are weak. (Str -2) [a neqoxec]
 68949 | Abyss:3  | XOM: noise
 68951 | Abyss:3  | Found a corrupted altar of Lugonu.
 69006 | Abyss:3  | Got an abyssal rune of Zot
 69010 | Abyss:3  | Found a corrupted altar of Lugonu.
 69057 | Abyss:3  | XOM: divination: detect creatures
 69115 | Abyss:3  | Noticed an ancient lich
 69137 | Abyss:3  | XOM: cast spell 'Summon Dragon'
 69140 | Abyss:3  | Killed an ancient lich
 69143 | Depths:3 | Escaped the Abyss
 69199 | Depths:3 | XOM: cloud trail
 69352 | Crypt:1  | Entered Level 1 of the Crypt
 69372 | Crypt:1  | XOM: confusion (+ monsters)
 69399 | Crypt:1  | XOM: 6-stop teleportation journey
 69437 | Crypt:1  | XOM: summons friendly shadow imp
 69588 | Crypt:1  | XOM: chaos upgrade
 69591 | Crypt:1  | XOM: enchant monster (good)
 69887 | Crypt:1  | Found a runed translucent door.
 69888 | Crypt:1  | Found a shimmering altar of Xom.
 69888 | Crypt:1  | Noticed Esecs's ghost (veteran GrEE)
 70288 | Crypt:2  | XOM: divination: detect creatures
 70478 | Crypt:2  | XOM: potion effect (haste)
 70657 | Crypt:2  | XOM: summons friendly quasit
 70906 | Crypt:2  | XOM: fake destruction
 70908 | Crypt:2  | XOM: swap monsters
 70925 | Crypt:2  | XOM: confusion (+ monsters)
 71024 | Crypt:2  | XOM: give mutations
 71024 | Crypt:2  | Gained mutation: You are completely covered in iridescent
                  | scales. (AC +6) [Xom's grace]
 71024 | Crypt:2  | Gained mutation: You are agile. (Dex +4, Str/Int -1) [Xom's
                  | grace]
 71024 | Crypt:2  | Gained mutation: You have a pair of antennae on your head.
                  | [Xom's grace]
 71024 | Crypt:2  | Gained mutation: Your spells are a little harder to cast,
                  | but a little more powerful. [Xom's grace]
 71101 | Crypt:3  | Entered Level 3 of the Crypt
 71105 | Crypt:3  | XOM: 1-stop teleportation journey
 71154 | Crypt:3  | XOM: divination: detect items
 71185 | Crypt:3  | Noticed Boris
 71200 | Crypt:3  | Killed Boris
 71272 | Crypt:3  | Found a staircase to the Tomb.
 71343 | Crypt:3  | XOM: noise
 71398 | Crypt:3  | XOM: 1-stop teleportation journey
 71444 | Crypt:3  | Identified the +8 sling of Fundamental Breach {flame,
                  | Dex+4}
 71515 | Crypt:3  | XOM: summons 3 friendly demons
 71518 | Crypt:3  | XOM: divine lightning
 71567 | Crypt:3  | XOM: scenery: 2 doors open, 1 doors close
 71614 | Crypt:3  | XOM: enchant monster (good)
 71816 | Crypt:3  | XOM: scenery: 3 doors open, 5 doors close
 72061 | Crypt:3  | XOM: fog
 72377 | Crypt:3  | XOM: give mutations
 72377 | Crypt:3  | Lost mutation: Your flesh is almost immune to the effects
                  | of heat. (rF+++) [Xom's mischief]
 72377 | Crypt:3  | Lost mutation: Your mind is acute. (Int +4, Str/Dex -1)
                  | [Xom's mischief]
 72377 | Crypt:3  | Lost mutation: Your spells are a little harder to cast, but
                  | a little more powerful. [Xom's mischief]
 72377 | Crypt:3  | Lost mutation: You are robust. (+10% HP) [Xom's mischief]
 72521 | Vaults:1 | XOM: cloud trail
 72697 | Zot:1    | Entered Level 1 of the Realm of Zot
 72809 | Zot:4    | XOM: noise
 72812 | Zot:4    | XOM: scenery: 1 doors open
 72830 | Zot:3    | Noticed an orb of fire
 72842 | Zot:3    | Killed an orb of fire
 72891 | Zot:4    | XOM: scenery: 1 doors close
 72967 | Zot:4    | XOM: smoke on damage
 72980 | Zot:4    | Acquired a manual of Shapeshifting
 73016 | Zot:5    | Entered Level 5 of the Realm of Zot
 73182 | Zot:5    | XOM: confusion
 73210 | Zot:5    | Noticed an orb of fire
 73220 | Zot:5    | Killed an orb of fire
 73220 | Zot:5    | Noticed an orb of fire
 73223 | Zot:5    | Killed an orb of fire
 73224 | Zot:5    | Noticed an orb of fire
 73228 | Zot:5    | Gained mutation: You sometimes lose your temper in combat.
                  | [an orb of fire]
 73234 | Zot:5    | Killed an orb of fire
 73239 | Zot:5    | Noticed an ancient lich
 73242 | Zot:5    | Killed an ancient lich
 73243 | Zot:5    | Noticed an orb of fire
 73244 | Zot:5    | Gained mutation: Armour fits poorly on your strangely
                  | shaped body. [an orb of fire]
 73256 | Zot:5    | Gained mutation: You are dopey. (Int -2) [an orb of fire]
 73258 | Zot:5    | Killed an orb of fire
 73260 | Zot:5    | Noticed an ancient lich
 73265 | Zot:5    | Killed an ancient lich
 73271 | Zot:5    | Noticed an ancient lich
 73275 | Zot:5    | Killed an ancient lich
 73275 | Zot:5    | Noticed an ancient lich
 73278 | Zot:5    | Killed an ancient lich
 73278 | Zot:5    | Noticed an ancient lich
 73282 | Zot:5    | XOM: 3-stop teleportation journey
 73300 | Zot:5    | Noticed an ancient lich
 73302 | Zot:5    | Noticed an ancient lich
 73312 | Zot:5    | Noticed a Killer Klown
 73314 | Zot:5    | Noticed an ancient lich
 73314 | Zot:5    | XOM: 2-stop teleportation journey
 73315 | Zot:5    | Noticed a dread lich
 73316 | Zot:5    | Noticed a Killer Klown
 73331 | Zot:5    | Killed an ancient lich
 73338 | Zot:5    | Killed a dread lich
 73344 | Zot:5    | Killed a Killer Klown
 73377 | Zot:5    | XOM: summons 2 hostile shadow creatures
 73387 | Zot:5    | XOM: scenery: create altars
 73394 | Zot:5    | Killed an ancient lich
 73482 | Zot:5    | XOM: give mutations
 73482 | Zot:5    | Lost mutation: You are somewhat resistant to further
                  | mutation. [Xom's mischief]
 73482 | Zot:5    | Lost mutation: You are weak. (Str -2) [Xom's mischief]
 73482 | Zot:5    | Lost mutation: You have a pair of antennae on your head.
                  | [Xom's mischief]
 73514 | Zot:5    | Killed a Killer Klown
 73752 | Zot:5    | XOM: 2-stop teleportation journey
 73995 | Zot:5    | Killed an ancient lich
 74001 | Zot:5    | Killed an ancient lich
 74372 | Abyss:4  | Cast into level 4 of the Abyss (Xom)
 74376 | Abyss:4  | XOM: noise
 74406 | Abyss:4  | Found a corrupted altar of Lugonu.
 74467 | Abyss:4  | XOM: destruction
 74471 | Abyss:4  | XOM: summons 12 hostile demons
 74481 | Abyss:4  | XOM: chaos cloud
 74547 | Abyss:4  | XOM: potion effect (might)
 74604 | Zot:5    | Escaped the Abyss
 74642 | Zot:5    | Got the Orb of Zot
 74740 | Zot:2    | XOM: give mutations
 74740 | Zot:2    | Gained mutation: You passively dampen the noise of your
                  | surroundings. [Xom's mischief]
 74740 | Zot:2    | Lost mutation: You have sharp fingernails. [Xom's mischief]
 74740 | Zot:2    | Lost mutation: You have a pair of small antennae on your
                  | head. [Xom's mischief]
 74740 | Zot:2    | Lost mutation: You are agile. (Dex +4, Str/Int -1) [Xom's
                  | mischief]
 74756 | Zot:1    | Noticed Upsinaug the pandemonium lord
 74777 | Depths:4 | XOM: silly message
 75015 | D:14     | Noticed Gyluz the pandemonium lord
 75016 | D:14     | XOM: stat loss: -1 Dex (28/29)
 75055 | D:12     | Noticed Lilei the pandemonium lord
 75108 | D:8      | XOM: stat loss: -1 Str (10/11)
 75184 | D:4      | XOM: give mutation
 75184 | D:4      | Lost mutation: You passively dampen the noise of your
                  | surroundings. [Xom's mischief]
 75196 | D:4      | XOM: divine lightning
 75327 | D:$      | Escaped with the Orb!

Illustrated notes

Levels and vault maps discovered:
D:1:      minmay_arrival_loop, layout_basic
D:2:      layout_rooms, kennysheep_crisscross
D:3:      gammafunk_wand_slinger, layout_basic, lemuel_tele_altar,
          mainiacjoe_overflow_boulevard, tgw_kikubaaqudgha,
          nicolae_ecumenical_lake_church, minivault_25
D:4:      minmay_diamond_boxcup, layout_loops_ring, tso_oasis_becter,
          minmay_vboxes, uniq_crazy_yiuf_cottage
D:5:      layout_loops_ring, mainiacjoe_overflow_24_doors
D:6:      layout_layer_cave, minmay_temple_entry_glass
D:7:      layout_loops_ring
D:8:      layout_loops_ring, kennysheep_little_box, bloody_makhleb,
          minmay_diamond_spiral, uniq_grum
D:9:      minmay_chambers_of_sixes, layout_loops_corners,
          mainiacjoe_overflow_concentric_impassable, lair_entry_dummy,
          serial_shops, nicolae_shop_rolled_up, nicolae_shop_vocational,
          uniq_erolcha, uniq_pikel, uniq_maurice
D:10:     layout_loops_corners, mainiacjoe_overflow_six_doors_small,
          orc_0_dummy, enter_bailey_6
D:11:     layout_long_grid, minmay_crystal_water, serial_park_tiny_1
D:12:     layout_basic, minmay_misc_feat_enclosed, minmay_beelzebubs_servants
D:13:     layout_roguey [special_room_orc], serial_shops, shop,
          portal_ice_cave_entry_pillars_1
D:14:     layout_rooms, erik_vaults_1, serial_demonic, serial_demonic_c,
          serial_demonic_a, serial_demonic_a, serial_demonic_e,
          nicolae_dithmenos_through_a_glass_darkly, uniq_snorg
D:15:     hangedman_depths_entry_try_elsewhere_first, layout_basic,
          nicolae_two_hexagons, ebering_ghost_reflecting_pool
Lair:1:   layout_loops_ring, infiniplex_staircase_pool_2
Lair:2:   layout_regular_city, guppyfry_snake_entry_island
Lair:3:   layout_layer_cave, elwin_shoals_entry_rocks
Lair:4:   layout_cellular_growth, chequers_serial_rivers_micro_c,
          grunt_megastairs_3
Lair:5:   hangedman_lair_in_review, layout_gridlike,
          hangedman_lair_caniforms_friends, minmay_slime_entry_oklob_open,
          basic_altar, gauntlet_entry_generic, lemuel_altar_in_water2,
          wad_woods_03, serial_bayou_shore_a
Shoals:1: layout_shoals, uniq_aizul
Shoals:2: layout_shoals
Shoals:3: layout_shoals, ldierk_geyser, nicolae_shoals_former_cling_halls,
          uniq_mara
Shoals:4: shoals_end_simple, layout_shoals, shoals_ilsuiw_alternative,
          nicolae_shoals_cliffside_cave
Snake:1:  layout_gridlike, serial_shops, shop, serial_bayou_pond_e,
          serial_library_hellmonk_room_a, nicolae_integral_box
Snake:2:  layout_grid_shapes, uniq_mlioglotl
Snake:3:  layout_cave_shapes, serial_bayou_shore_b
Snake:4:  grunt_snake_rune_serpentine_throne, layout_misc_corridors
Slime:1:  layout_caves
Slime:2:  layout_caves
Slime:3:  layout_caves
Slime:4:  layout_caves, basic_altar, uniq_donald
Slime:5:  slime_pit_nicolae_trefoil
Orc:1:    layout_caves, led_sif_book, uniq_sonja
Orc:2:    grunt_orc_cross, layout_caves, dreamdust_deal_with_the_devil,
          nicolae_shop_gadgets, uniq_saint_roka, uniq_urug, uniq_azrael
Elf:1:    layout_loops_corners, serial_shops, shop, hangedman_elf_represent,
          grunt_megastairs_4
Elf:2:    elven_hall_of_blades_hangedman_alternative [mumra_blade_entry_dagger],
          layout_gridlike, ebering_ghost_gozag
Elf:3:    minmay_elf_hall_dome, layout_geoelf_grid, serial_shops,
          nicolae_shop_tiny_glass, hex_intersection, nicolae_zig_zag_zippers,
          minmay_shop_grove, uniq_boris
Vaults:1: v_misc_23, nicolae_vaults_asterisk, nicolae_vaults_trapezoid_2,
          nicolae_vaults_storage_room_doors, nicolae_vaults_statue_guard,
          vaults_standard_mumra_x, nicolae_vaults_alarming,
          nicolae_vaults_door_testing_chamber, v_misc_17,
          nicolae_vaults_trapezoid_lopsided_1, vaults_room_hallway,
          nicolae_vaults_tetromino_T_1, vaults_room_hallway,
          nicolae_vaults_storage_closets_3, ontoclasm_vaults_ligature,
          layout_vaults_omnicross, serial_shops, nicolae_book_shop_shelving,
          uniq_zenata, uniq_norris
Vaults:2: nicolae_vaults_more_shelving_1, nicolae_vaults_little_squares_5,
          vaults_room_semicircle, v_alt_pattern_5, layout_vaults_quadrants,
          serial_shops, nicolae_shop_stone
Vaults:3: nicolae_vaults_tetromino_Z_1, hangedman_vaults_corner_blocks,
          minmay_crypt_entry_necro_gods, hangedman_vaults_pinch,
          nicolae_vaults_border_crossing, nicolae_vaults_little_squares_6,
          nicolae_vaults_little_squares_1, ontoclasm_vaults_gateway,
          vaults_room_door_ring, hangedman_vaults_snaps, v_misc_29,
          ontoclasm_vaults_shuriken, v_rooms_5, v_misc_28,
          layout_vaults_omnibox, serial_shops, shop
Vaults:4: nicolae_vaults_network_quinsquares
          [nicolae_vaults_network_quincunx_subvault,
          nicolae_vaults_network_quincunx_subvault,
          nicolae_vaults_network_quincunx_subvault,
          nicolae_vaults_network_quincunx_subvault],
          nicolae_vaults_tetromino_Z_2, v_alt_pattern_1,
          nicolae_vaults_specimen_jars, vaults_standard_mumra_enter_the_diamond,
          nicolae_vaults_ring_of_whatevers, grunt_vaults_bifocal,
          nicolae_vaults_trapezoid_lopsided_1, hangedman_vaults_river_flow,
          layout_vaults_big_room
Vaults:5: serial_shops
Crypt:1:  layout_gridlike, ebering_ghost_xom, grunt_crypt_arrival_split
Crypt:2:  layout_basic
Crypt:3:  due_elkab, layout_chaotic_city, tomb_entry_forgotten_bobbens
Depths:1: layout_basic, pf_hell_entry_great_geh, vehumet_crystals, serial_shops,
          shop, st_stairs_4, hangedman_decor_slide_cut,
          nemelex_spade_bored_becter
Depths:2: minmay_octo_star, layout_gridlike, grunt_pan_entry_zigzag,
          serial_shops, nicolae_shop_hallway_stairs, hell_entry,
          cheibrodos_ashenzari_chains, uniq_bai_suzhen
Depths:3: box_level_dp, abyss_entry, serial_shops, hell_entry
Depths:4: evilmike_zot_entry_castle, layout_basic, nicolae_figureground_pulse,
          hangedman_coc_ice_floe, serial_library_hellmonk_open_cross,
          uniq_josephina
Zot:1:    layout_basic, gammafunk_ghost_crypt, hangedman_zot_decor_tridents
Zot:2:    layout_gridlike
Zot:3:    layout_onion, regret_index_zotdec_misc_clamp, grunt_megastairs_2
Zot:4:    gammafunk_its_a_trap, layout_gridlike
Zot:5:    layout_misc_corridors

Skill      XL: |  1  2  3  4  5  6  7  8  9 10 11 12 13 14 15 16 17 18 19 20 21 22 23 24 25 26 27 |
---------------+----------------------------------------------------------------------------------+-----
Long Blades    | 3 4 5 7 9 12 14 15 16 17 21 | 21.0
Spellcasting   | 1 3 6 9 10 11 12 13 14 15 16 18 19 | 19.0
Conjurations   | 1 3 6 9 10 11 12 13 14 15 16 18 19 | 19.0
Hexes          | 1 3 6 9 10 11 12 13 14 15 16 18 19 | 19.0
Summonings     | 1 3 6 9 10 11 12 13 14 15 16 18 19 | 19.0
Necromancy     | 1 3 6 9 10 11 12 13 14 15 16 18 19 | 19.0
Translocations | 1 3 6 9 10 11 12 13 14 15 16 18 19 | 19.0
Fire Magic     | 1 3 6 9 10 11 12 13 14 15 16 18 19 | 19.0
Ice Magic      | 1 3 6 9 10 11 12 13 14 15 16 18 19 | 19.0
Air Magic      | 1 3 6 9 10 11 12 13 14 15 16 18 19 | 19.0
Earth Magic    | 1 3 6 9 10 11 12 13 14 15 16 18 19 | 19.0
Alchemy        | 1 3 6 9 10 11 12 13 14 15 16 18 19 | 19.0
Evocations     | 1 3 5 6 7 13 | 13.9
Fighting       | 4 5 7 9 12 13 14 16 17 18 19 20 21 22 | 22.4
Dodging        | 3 5 6 7 9 10 11 12 14 15 18 | 18.0
Shields        | 5 7 8 |  8.0
Armour         | 5 7 9 11 12 | 12.6
Shapeshifting  | 9 13 16 19 | 19.6
Stealth        | 5 |  5.0

Action                     |  1- 3 |  4- 6 |  7- 9 | 10-12 | 13-15 | 16-18 | 19-21 | 22-24 | 25-27 || total
---------------------------+-------+-------+-------+-------+-------+-------+-------+-------+-------++-------
  Melee: Falchion          |    95 |    42 |       |       |       |       |       |       |       ||   137
         Punch             |     1 |     4 |     2 |     3 |       |       |       |       |       ||    10
         Scimitar          |    11 |   170 |   266 |   142 |   136 |    64 |   140 |       |       ||   929
         Dagger            |       |     2 |       |       |       |       |       |       |       ||     2
         Staff             |       |       |       |     3 |       |       |       |       |       ||     3
         Double sword      |       |       |       |       |   530 |  1075 |   943 |  1267 |  2406 ||  6221
         Headbutt          |       |       |       |       |       |       |   145 |   450 |   373 ||   968
  Throw: Stone             |       |     6 |     7 |       |       |       |       |       |       ||    13
         Dart              |       |       |     3 |     1 |       |     3 |       |     3 |     2 ||    12
   Cast: Frozen Ramparts   |       |       |    29 |    20 |    14 |     3 |       |     2 |     1 ||    69
         Airstrike         |       |       |       |   214 |   104 |       |     6 |       |       ||   324
         Apportation       |       |       |       |     3 |     2 |       |     1 |       |     3 ||     9
         Animate Armour    |       |       |       |     2 |    27 |    15 |     8 |       |       ||    52
         Summon Forest     |       |       |       |       |    10 |     8 |    21 |     7 |    11 ||    57
         Blink             |       |       |       |       |     4 |     2 |     1 |       |     5 ||    12
         Eringya's Noxious |       |       |       |       |       |     1 |       |       |       ||     1
         Conjure Ball Ligh |       |       |       |       |       |       |     4 |     4 |    12 ||    20
         Summon Cactus Gia |       |       |       |       |       |       |    18 |    11 |    32 ||    61
         Malign Gateway    |       |       |       |       |       |       |       |    17 |    50 ||    67
         Infestation       |       |       |       |       |       |       |       |       |     3 ||     3
  Evoke: Wand              |       |     4 |    23 |    15 |    54 |    16 |    28 |     3 |    14 ||   157
         Condenser vane    |       |       |       |       |     1 |     1 |       |       |     1 ||     3
         Lightning rod     |       |       |       |       |     1 |       |     2 |       |     4 ||     7
    Use: Potion            |     1 |       |       |     2 |    10 |     7 |    13 |     3 |    44 ||    80
         Scroll            |       |     7 |     8 |    11 |    15 |     7 |    13 |    10 |    41 ||   112
   Stab: Paralysed         |       |     2 |    23 |    10 |     5 |     9 |       |     1 |     1 ||    51
         Petrified         |       |     1 |       |       |       |       |       |       |       ||     1
         Sleeping          |       |     3 |       |     3 |       |       |       |     2 |     3 ||    11
         Distracted        |       |       |     1 |       |     2 |     1 |     6 |     1 |    27 ||    38
         Invisible         |       |       |       |       |     5 |       |     2 |     3 |     1 ||    11
         Confused          |       |       |       |       |     1 |     1 |       |       |     8 ||    10
 Armour: Leather armour    |    56 |   112 |   160 |    62 |   216 |   101 |   198 |       |       ||   905
         Swamp dragon scal |       |       |       |    31 |   218 |       |       |       |       ||   249
         Quicksilver drago |       |       |       |       |       |   226 |   169 |   223 |   113 ||   731
         Skin              |       |       |       |       |       |       |       |   320 |  1002 ||  1322
         Scale mail        |       |       |       |       |       |       |       |       |     5 ||     5
  Dodge: Dodged            |    42 |   106 |   108 |    94 |   389 |   725 |   710 |  1192 |  3602 ||  6968
         Repelled          |       |       |       |       |       |       |       |    22 |    56 ||    78
  Block: Other             |    22 |    50 |    36 |    16 |       |       |       |       |       ||   124
         Reflection        |     1 |     1 |       |     6 |     8 |    73 |    79 |    54 |     8 ||   230
         Buckler           |       |       |       |    64 |   369 |   685 |   613 |   971 |  1851 ||  4553
   Form: Statue            |       |       |       |       |       |       |       |     2 |     1 ||     3
                           |       |       |       |       |       |       |       |     1 |     1 ||     2
